Workbook
Name Body_Code_Movex: Dependencies!$G$162:$G$231
Name Body_Disp: Dependencies!$B$162:$B$231
Name Body_Foot: Dependencies!$D$162:$D$231
Name Body_Foot_Descr: Dependencies!$F$162:$F$231
Name Body_Foot_FR: Dependencies!$J$162:$J$231
Name Body_Foot_GB: Dependencies!$K$162:$K$231
Name Body_Foot_Movex_Digit: Dependencies!$I$162:$I$231
Name Body_Manual: Dependencies!$H$162:$H$231
Name Body_Mat: Dependencies!$C$162:$C$231
Name Body_Techno: Dependencies!$A$162:$A$231
Name Choice_Disp: Parameters!$D$9
Name Choice_Foot: Parameters!$J$9
Name Choice_Mat: Parameters!$H$9
Name Choice_Motor: Parameters!$F$9
Name Choice_Seal: Parameters!$L$9
Name Choice_Techno: Parameters!$B$9
Name ChoiceFoot: #REF!
Name ChoiceMat: #REF!
Name ChoiceMotor: #REF!
Name ChoicePump: #REF!
Name ChoiceSeals: #REF!
Name ChoiceTechno: #REF!
Name Com_FR: 'REXSON Pump configurator'!$E$22
Name Com_GB: 'REXSON Pump configurator'!$E$21
Name Country: International!$A$3:$A$18
Name Country_Coef: International!$D$3:$D$18
Name Country_Currency: International!$C$3:$C$18
Name Country_Language: International!$B$3:$B$18
Name Date_Delivery: 'REXSON Pump configurator'!$J$24
Name Designation: 'REXSON Pump configurator'!$G$2
Name Designation_Disp: Parameters!$D$6
Name Designation_Foot: Parameters!$G$6
Name Designation_Mat: Parameters!$F$6
Name Designation_Motor: Parameters!$E$6
Name Designation_Seal: Parameters!$H$6
Name Designation_Techno: Parameters!$C$6
Name DesignMatFoot: #REF!
Name DesignMot: #REF!
Name DesignPump: #REF!
Name DesignSeal: #REF!
Name DesignTechno: #REF!
Name Disp_Code: Dictionnary!$A$9:$A$31
Name Disp_Descr: Dictionnary!#REF!
Name Disp_Descr: Dictionnary!#REF!
Name Disp_Movex_Digit: Dictionnary!$B$9:$B$31
Name Entry_Choice: Parameters!$B$4
Name Flange_BUAR: Dependencies!$H$33:$H$113
Name Flange_Code_Movex: Dependencies!$F$33:$F$113
Name Flange_Disp: Dependencies!$B$33:$B$113
Name Flange_FR: Dependencies!$D$33:$D$113
Name Flange_GB: Dependencies!$E$33:$E$113
Name Flange_ITCL: Dependencies!$I$33:$I$113
Name Flange_ITGR: Dependencies!$J$33:$J$113
Name Flange_Manual: Dependencies!$K$33:$K$113
Name Flange_Motor: Dependencies!$C$33:$C$113
Name Flange_Sticker_Code_Movex: Dependencies!$G$33:$G$113
Name Flange_Techno: Dependencies!$A$33:$A$113
Name Foot_Code: Dictionnary!$A$57:$A$69
Name Foot_Descr: Dictionnary!$B$57:$B$69
Name Foot_FR: Dictionnary!#REF!

Sheet Price&Delay
A1: REF | B1: DESIGNATION | C1: STATUT | D1: Cost | E1: Cost Date | F1: Year | G1: Month | H1: Subs Price | I1: End User | J1: Product | K1: witness article | L1: Annual Qty | M1: CB Calculé | N1: CB Choix | O1: Justif & commentaire
A2: 10601100/ | B2: *** MOT 1000 COURSE 120 | C2: 20 | D2: 518.55703 | E2: 20210504 | F2: =VALUE(LEFT(E2,4)) -> 2021 | G2: =VALUE(RIGHT(LEFT(E2,6),2)) -> 5 | H2: =D2/0.64*1.04*1.07*1.04*1.015 -> 951.77228 | I2: =H2/0.45 -> 2115.0495 | J2: Moteur 1000 | K2: 210288R | L2: 33 | M2: =MIN(45,ROUNDUP(52/L2,0)*5) -> 10 | N2: 10
A3: 10602100/ | B3: *** MOT 1500 COURSE 120 | C3: 20 | D3: 463.08305 | E3: 20210504 | F3: =VALUE(LEFT(E3,4)) -> 2021 | G3: =VALUE(RIGHT(LEFT(E3,6),2)) -> 5 | H3: =D3/0.64*1.04*1.07*1.04*1.015 -> 849.95397 | I3: =H3/0.45 -> 1888.7866 | J3: Moteur 1500 | K3: 209397R | L3: 24 | M3: =MIN(45,ROUNDUP(52/L3,0)*5) -> 15 | N3: 10 | O3: Pièces identiques au moteur 1000
A4: 846310000+ | B4: *** MOT 3000-120 | C4: 20 | D4: 463.89002 | E4: 20210504 | F4: =VALUE(LEFT(E4,4)) -> 2021 | G4: =VALUE(RIGHT(LEFT(E4,6),2)) -> 5 | H4: =D4/0.64*1.04*1.07*1.04*1.015 -> 851.43512 | I4: =H4/0.45 -> 1892.078 | J4: Moteur 3000 | K4: 209405R | L4: 131 | M4: =MIN(45,ROUNDUP(52/L4,0)*5) -> 5 | N4: 5
A5: 10526100/ | B5: *** MOT 6000 COURSE 120 | C5: 20 | D5: 1001.7206 | E5: 20210504 | F5: =VALUE(LEFT(E5,4)) -> 2021 | G5: =VALUE(RIGHT(LEFT(E5,6),2)) -> 5 | H5: =D5/0.64*1.04*1.07*1.04*1.015 -> 1838.5826 | I5: =H5/0.45 -> 4085.7391 | J5: Moteur 6000 | K5: 209371R - 210604R | L5: 2 | M5: =MIN(45,ROUNDUP(52/L5,0)*5) -> 45 | N5: 10 | O5: Pièces identiques au moteur 5000 sauf la tige de piston identique aux moteurs 7 et 9000
A6: 846320000+ | B6: *** MOTEUR 5000-120 | C6: 20 | D6: 990.93596 | E6: 20210504 | F6: =VALUE(LEFT(E6,4)) -> 2021 | G6: =VALUE(RIGHT(LEFT(E6,6),2)) -> 5 | H6: =D6/0.64*1.04*1.07*1.04*1.015 -> 1818.7881 | I6: =H6/0.45 -> 4041.7514 | J6: Moteur 5000 | K6: 210604R | L6: 98 | M6: =MIN(45,ROUNDUP(52/L6,0)*5) -> 5 | N6: 5
A7: 846330000+ | B7: *** MOTEUR 7000-120 | C7: 20 | D7: 1085.8174 | E7: 20210504 | F7: =VALUE(LEFT(E7,4)) -> 2021 | G7: =VALUE(RIGHT(LEFT(E7,6),2)) -> 5 | H7: =D7/0.64*1.04*1.07*1.04*1.015 -> 1992.9359 | I7: =H7/0.45 -> 4428.7464 | J7: Moteur 7000 | K7: 205209R | L7: 29 | M7: =MIN(45,ROUNDUP(52/L7,0)*5) -> 10 | N7: 10
A8: 846340000+ | B8: *** MOTEUR 9000-120 | C8: 20 | D8: 1294.5058 | E8: 20210504 | F8: =VALUE(LEFT(E8,4)) -> 2021 | G8: =VALUE(RIGHT(LEFT(E8,6),2)) -> 5 | H8: =D8/0.64*1.04*1.07*1.04*1.015 -> 2375.9677 | I8: =H8/0.45 -> 5279.9282 | J8: Moteur 9000 | K8: 9009R | L8: 28 | M8: =MIN(45,ROUNDUP(52/L8,0)*5) -> 10 | N8: 10
A9: 10527200/ | B9: *** MOT 7000-200 | C9: 20 | D9: 1096.6131 | E9: 20210504 | F9: =VALUE(LEFT(E9,4)) -> 2021 | G9: =VALUE(RIGHT(LEFT(E9,6),2)) -> 5 | H9: =D9/0.64*1.04*1.07*1.04*1.015 -> 2012.7506 | I9: =H9/0.45 -> 4472.779 | J9: Moteur 7200 | K9: 205707R | L9: 15 | M9: =MIN(45,ROUNDUP(52/L9,0)*5) -> 20 | N9: 10 | O9: Seule pièce spécifique est le cylindre
A10: 10529200/ | B10: *** MOT 9000-200 | C10: 20 | D10: 1304.7262 | E10: 20210504 | F10: =VALUE(LEFT(E10,4)) -> 2021 | G10: =VALUE(RIGHT(LEFT(E10,6),2)) -> 5 | H10: =D10/0.64*1.04*1.07*1.04*1.015 -> 2394.7264 | I10: =H10/0.45 -> 5321.6142 | J10: Moteur 9200 | K10: 9201R | L10: 30 | M10: =MIN(45,ROUNDUP(52/L10,0)*5) -> 10 | N10: 10
A11: 846350000+ | B11: *** MOTEUR DOUBLE ETAGES 9200 | C11: 20 | D11: 3316.6887 | E11: 20210504 | F11: =VALUE(LEFT(E11,4)) -> 2021 | G11: =VALUE(RIGHT(LEFT(E11,6),2)) -> 5 | H11: =D11/0.64*1.04*1.07*1.04*1.015 -> 6087.5318 | I11: =H11/0.45 -> 13527.848 | J11: Moteur 2x9200 | K11: 046350002+ | L11: 17 | M11: =MIN(45,ROUNDUP(52/L11,0)*5) -> 20 | N11: 20
A12: 049020221+ | B12: REXSON 08C207 ETIQU | C12: 20 | D12: 23.81184 | E12: 20210504 | F12: =VALUE(LEFT(E12,4)) -> 2021 | G12: =VALUE(RIGHT(LEFT(E12,6),2)) -> 5 | H12: =D12/0.64*1.04*1.07*1.04*1.015 -> 43.704835 | I12: =H12/0.45 -> 97.121855 | J12: Etiquette | N12: 5
A13: 049020220+ | B13: REXSON 03C225 ETIQU | C13: 20 | D13: 3.616704 | E13: 20210504 | F13: =VALUE(LEFT(E13,4)) -> 2021 | G13: =VALUE(RIGHT(LEFT(E13,6),2)) -> 5 | H13: =D13/0.64*1.04*1.07*1.04*1.015 -> 6.6381871 | I13: =H13/0.45 -> 14.751527 | J13: Etiquette | N13: 5
A14: 049020224+ | B14: REXSON 15C124 ETIQU | C14: 20 | D14: 8.659872 | E14: 20210504 | F14: =VALUE(LEFT(E14,4)) -> 2021 | G14: =VALUE(RIGHT(LEFT(E14,6),2)) -> 5 | H14: =D14/0.64*1.04*1.07*1.04*1.015 -> 15.894541 | I14: =H14/0.45 -> 35.321203 | J14: Etiquette | N14: 5
A15: 049020225+ | B15: REXSON 16C207 ETIQU | C15: 20 | D15: 23.81184 | E15: 20210504 | F15: =VALUE(LEFT(E15,4)) -> 2021 | G15: =VALUE(RIGHT(LEFT(E15,6),2)) -> 5 | H15: =D15/0.64*1.04*1.07*1.04*1.015 -> 43.704835 | I15: =H15/0.45 -> 97.121855 | J15: Etiquette | N15: 5
A16: 049020244+ | B16: REXSON 30C60 ETIQU | C16: 20 | D16: 17.07264 | E16: 20210504 | F16: =VALUE(LEFT(E16,4)) -> 2021 | G16: =VALUE(RIGHT(LEFT(E16,6),2)) -> 5 | H16: =D16/0.64*1.04*1.07*1.04*1.015 -> 31.335542 | I16: =H16/0.45 -> 69.634537 | J16: Etiquette | N16: 5
A17: 049020261+ | B17: REXSON 60C60 ETIQU | C17: 20 | D17: 17.07264 | E17: 20210504 | F17: =VALUE(LEFT(E17,4)) -> 2021 | G17: =VALUE(RIGHT(LEFT(E17,6),2)) -> 5 | H17: =D17/0.64*1.04*1.07*1.04*1.015 -> 31.335542 | I17: =H17/0.45 -> 69.634537 | J17: Etiquette | N17: 5
A18: 049020226+ | B18: REXSON 16C225 ETIQU | C18: 20 | D18: 3.616704 | E18: 20210504 | F18: =VALUE(LEFT(E18,4)) -> 2021 | G18: =VALUE(RIGHT(LEFT(E18,6),2)) -> 5 | H18: =D18/0.64*1.04*1.07*1.04*1.015 -> 6.6381871 | I18: =H18/0.45 -> 14.751527 | J18: Etiquette | N18: 5
A19: 049020228+ | B19: REXSON 17C106 ETIQU | C19: 20 | D19: 16.971552 | E19: 20210504 | F19: =VALUE(LEFT(E19,4)) -> 2021 | G19: =VALUE(RIGHT(LEFT(E19,6),2)) -> 5 | H19: =D19/0.64*1.04*1.07*1.04*1.015 -> 31.150002 | I19: =H19/0.45 -> 69.222227 | J19: Etiquette | N19: 5
A20: 049020231+ | B20: REXSON 18C910 ETIQU | C20: 20 | D20: 3.515616 | E20: 20210504 | F20: =VALUE(LEFT(E20,4)) -> 2021 | G20: =VALUE(RIGHT(LEFT(E20,6),2)) -> 5 | H20: =D20/0.64*1.04*1.07*1.04*1.015 -> 6.4526477 | I20: =H20/0.45 -> 14.339217 | J20: Etiquette | N20: 5
A21: 049020232+ | B21: REXSON 18C980 ETIQU | C21: 20 | D21: 16.971552 | E21: 20210504 | F21: =VALUE(LEFT(E21,4)) -> 2021 | G21: =VALUE(RIGHT(LEFT(E21,6),2)) -> 5 | H21: =D21/0.64*1.04*1.07*1.04*1.015 -> 31.150002 | I21: =H21/0.45 -> 69.222227 | J21: Etiquette | N21: 5
A22: 049020233+ | B22: REXSON 23C79 ETIQU | C22: 20 | D22: 8.659872 | E22: 20210504 | F22: =VALUE(LEFT(E22,4)) -> 2021 | G22: =VALUE(RIGHT(LEFT(E22,6),2)) -> 5 | H22: =D22/0.64*1.04*1.07*1.04*1.015 -> 15.894541 | I22: =H22/0.45 -> 35.321203 | J22: Etiquette | N22: 5
A23: 049020236+ | B23: REXSON 25C750 ETIQU | C23: 20 | D23: 3.515616 | E23: 20210504 | F23: =VALUE(LEFT(E23,4)) -> 2021 | G23: =VALUE(RIGHT(LEFT(E23,6),2)) -> 5 | H23: =D23/0.64*1.04*1.07*1.04*1.015 -> 6.4526477 | I23: =H23/0.45 -> 14.339217 | J23: Etiquette | N23: 5
... A60: 1027240100/ | B60: *** HYD BLL 453cc C200 | C60: 20 | D60: 1618.7409 | E60: 20210504 | F60: =VALUE(LEFT(E60,4)) -> 2021 | G60: =VALUE(RIGHT(LEFT(E60,6),2)) -> 5 | H60: =D60/0.64*1.04*1.07*1.04*1.015 -> 2971.0768 | I60: =H60/0.45 -> 6602.3928 | J60: Hydraulique C453 | N60: 45
A61: 1041340000/ | B61: *** HYD 4 BILLES C750 ACIER | C61: 20 | D61: 1927.9984 | E61: 20210504 | F61: =VALUE(LEFT(E61,4)) -> 2021 | G61: =VALUE(RIGHT(LEFT(E61,6),2)) -> 5 | H61: =D61/0.64*1.04*1.07*1.04*1.015 -> 3538.6955 | I61: =H61/0.45 -> 7863.7678 | J61: Hydraulique QUATRO C750 | K61: 207823R | L61: 17 | M61: =MIN(45,IF(L61<>0,ROUNDUP(52/L61,0)*5,45)) -> 20 | N61: 20
A62: 1041340100/ | B62: *** HYD 4 BILLES C750 CARBURE | C62: 20 | D62: 3052 | E62: 20260908 | F62: =VALUE(LEFT(E62,4)) -> 2026 | G62: =VALUE(RIGHT(LEFT(E62,6),2)) -> 9 | H62: =D62/0.64 -> 4768.75 | I62: =H62/0.45 -> 10597.222 | N62: 45 | O62: Création de la variante sur la version E2027
A63: 1041350000/ | B63: *** HYD 4 BILLE C570 | C63: 20 | D63: 2022.7515 | E63: 20210504 | F63: =VALUE(LEFT(E63,4)) -> 2021 | G63: =VALUE(RIGHT(LEFT(E63,6),2)) -> 5 | H63: =D63/0.64*1.04*1.07*1.04*1.015 -> 3712.6077 | I63: =H63/0.45 -> 8250.2394 | J63: Hydraulique QUATRO C570 | K63: 207829R | L63: 25 | M63: =MIN(45,IF(L63<>0,ROUNDUP(52/L63,0)*5,45)) -> 15 | N63: 20
A64: 1057431000/ | B64: *** HYD 4 BLL C570 INOX | C64: 20 | D64: 5392.6341 | E64: 20210504 | F64: =VALUE(LEFT(E64,4)) -> 2021 | G64: =VALUE(RIGHT(LEFT(E64,6),2)) -> 5 | H64: =D64/0.64*1.04*1.07*1.04*1.015 -> 9897.7727 | I64: =H64/0.45 -> 21995.05 | J64: Hydraulique QUATRO C570 INOX | K64: 210222R | L64: 0 | M64: =MIN(45,IF(L64<>0,ROUNDUP(52/L64,0)*5,45)) -> 45 | N64: 45
A65: 1051760400/ | B65: *** HYD BLL C588 ACIER P04 | C65: 20 | D65: 1740.2906 | E65: 20210504 | F65: =VALUE(LEFT(E65,4)) -> 2021 | G65: =VALUE(RIGHT(LEFT(E65,6),2)) -> 5 | H65: =D65/0.64*1.04*1.07*1.04*1.015 -> 3194.172 | I65: =H65/0.45 -> 7098.1601 | J65: Hydraulique C588 | N65: 45
A66: 1051761000/ | B66: *** HYD BLL C588 INOX P10 | C66: 20 | D66: 1399.3804 | E66: 20210504 | F66: =VALUE(LEFT(E66,4)) -> 2021 | G66: =VALUE(RIGHT(LEFT(E66,6),2)) -> 5 | H66: =D66/0.64*1.04*1.07*1.04*1.015 -> 2568.4571 | I66: =H66/0.45 -> 5707.6824 | J66: Hydraulique C588 | N66: 45
A67: 1051761100/ | B67: *** HYD BLL C588 INOX P11 | C67: 20 | D67: 1609.239 | E67: 20210504 | F67: =VALUE(LEFT(E67,4)) -> 2021 | G67: =VALUE(RIGHT(LEFT(E67,6),2)) -> 5 | H67: =D67/0.64*1.04*1.07*1.04*1.015 -> 2953.6367 | I67: =H67/0.45 -> 6563.637 | J67: Hydraulique C588 | N67: 45
A68: 1051761400/ | B68: *** HYD BLL C588 INOX P14 | C68: 20 | D68: 2091.373 | E68: 20210504 | F68: =VALUE(LEFT(E68,4)) -> 2021 | G68: =VALUE(RIGHT(LEFT(E68,6),2)) -> 5 | H68: =D68/0.64*1.04*1.07*1.04*1.015 -> 3838.5573 | I68: =H68/0.45 -> 8530.1273 | J68: Hydraulique C588 | N68: 45
A69: 1051760100/ | B69: *** HYD BLL C588 ACIER P01 | C69: 20 | D69: 1103.6144 | E69: 20210504 | F69: =VALUE(LEFT(E69,4)) -> 2021 | G69: =VALUE(RIGHT(LEFT(E69,6),2)) -> 5 | H69: =D69/0.64*1.04*1.07*1.04*1.015 -> 2025.6009 | I69: =H69/0.45 -> 4501.3354 | J69: Hydraulique C588 | N69: 45
A70: 1051760300/ | B70: *** HYD BLL C588 ACIER P03 | C70: 20 | D70: 1238.1191 | E70: 20210504 | F70: =VALUE(LEFT(E70,4)) -> 2021 | G70: =VALUE(RIGHT(LEFT(E70,6),2)) -> 5 | H70: =D70/0.64*1.04*1.07*1.04*1.015 -> 2272.4742 | I70: =H70/0.45 -> 5049.9426 | J70: Hydraulique C588 | N70: 45
A71: 1051810200/ | B71: *** HYD PLT D 27 60cc P1- SANS | C71: 20 | D71: 545.18292 | E71: 20210504 | F71: =VALUE(LEFT(E71,4)) -> 2021 | G71: =VALUE(RIGHT(LEFT(E71,6),2)) -> 5 | H71: =D71/0.64*1.04*1.07*1.04*1.015 -> 1000.6421 | I71: =H71/0.45 -> 2223.6491 | J71: Hydraulique C60 CS PS | N71: 20
A72: 1051810300/ | B72: *** HYD PLT D 27 60cc P1- SANS | C72: 20 | D72: 848.35177 | E72: 20210504 | F72: =VALUE(LEFT(E72,4)) -> 2021 | G72: =VALUE(RIGHT(LEFT(E72,6),2)) -> 5 | H72: =D72/0.64*1.04*1.07*1.04*1.015 -> 1557.0856 | I72: =H72/0.45 -> 3460.1903 | J72: Hydraulique C60 CS Drum 60L | N72: 20
A73: 1051810400/ | B73: *** HYD PLT D27 60cc SANS JOIN | C73: 80 | D73: 931.18356 | E73: 20210504 | F73: =VALUE(LEFT(E73,4)) -> 2021 | G73: =VALUE(RIGHT(LEFT(E73,6),2)) -> 5 | H73: =D73/0.64*1.04*1.07*1.04*1.015 -> 1709.1171 | I73: =H73/0.45 -> 3798.038 | J73: Hydraulique C60 CS Drum 200L | N73: 20
A74: 1051811000/ | B74: *** HYD PLT ALTO INOX D27 60CC | C74: 20 | D74: 835.75476 | E74: 20210504 | F74: =VALUE(LEFT(E74,4)) -> 2021 | G74: =VALUE(RIGHT(LEFT(E74,6),2)) -> 5 | H74: =D74/0.64*1.04*1.07*1.04*1.015 -> 1533.9648 | I74: =H74/0.45 -> 3408.8106 | J74: Hydraulique C60 SS PS | N74: 20
A75: 1051710100/ | B75: *** HYD BLL C79 P01 | C75: 20 | D75: 697.26431 | E75: 20210504 | F75: =VALUE(LEFT(E75,4)) -> 2021 | G75: =VALUE(RIGHT(LEFT(E75,6),2)) -> 5 | H75: =D75/0.64*1.04*1.07*1.04*1.015 -> 1279.776 | I75: =H75/0.45 -> 2843.9467 | J75: Hydraulique INOX C79 | K75: 209607R | L75: 5 | M75: =MIN(45,IF(L75<>0,ROUNDUP(52/L75,0)*5,45)) -> 45 | N75: 20 | O75: Beaucoup de pièces commune avec la C60
A76: 1051710300/ | B76: *** HYD BLL C79 P03 | C76: 20 | D76: 879.07831 | E76: 20210504 | F76: =VALUE(LEFT(E76,4)) -> 2021 | G76: =VALUE(RIGHT(LEFT(E76,6),2)) -> 5 | H76: =D76/0.64*1.04*1.07*1.04*1.015 -> 1613.4819 | I76: =H76/0.45 -> 3585.5153 | J76: Hydraulique INOX C79 | K76: 209607R | L76: 5 | M76: =MIN(45,IF(L76<>0,ROUNDUP(52/L76,0)*5,45)) -> 45 | N76: 20 | O76: Beaucoup de pièces commune avec la C60
A77: 1051720100/ | B77: *** HYD C124 PP01 | C77: 20 | D77: 488.12846 | E77: 20210504 | F77: =VALUE(LEFT(E77,4)) -> 2021 | G77: =VALUE(RIGHT(LEFT(E77,6),2)) -> 5 | H77: =D77/0.64*1.04*1.07*1.04*1.015 -> 895.92294 | I77: =H77/0.45 -> 1990.9399 | J77: Hydraulique INOX C124 | K77: 209627R | L77: 36 | M77: =MIN(45,IF(L77<>0,ROUNDUP(52/L77,0)*5,45)) -> 10 | N77: 10
A78: 1051720300/ | B78: *** HYD C124 PP03 | C78: 20 | D78: 827.32892 | E78: 20210504 | F78: =VALUE(LEFT(E78,4)) -> 2021 | G78: =VALUE(RIGHT(LEFT(E78,6),2)) -> 5 | H78: =D78/0.64*1.04*1.07*1.04*1.015 -> 1518.4998 | I78: =H78/0.45 -> 3374.4439 | J78: Hydraulique INOX C124 | K78: 209627R | L78: 36 | M78: =MIN(45,IF(L78<>0,ROUNDUP(52/L78,0)*5,45)) -> 10 | N78: 10
A79: 1051720600/ | B79: *** HYD C124 PP06 | C79: 20 | D79: 1200.4084 | E79: 20210504 | F79: =VALUE(LEFT(E79,4)) -> 2021 | G79: =VALUE(RIGHT(LEFT(E79,6),2)) -> 5 | H79: =D79/0.64*1.04*1.07*1.04*1.015 -> 2203.2591 | I79: =H79/0.45 -> 4896.1313 | J79: Hydraulique INOX C124 ALLONGE | K79: 210416R | L79: 1 | M79: =MIN(45,IF(L79<>0,ROUNDUP(52/L79,0)*5,45)) -> 45 | N79: 45
A80: 1051722300/ | B80: *** HYD C124 PP23 | C80: 20 | D80: 956.49692 | E80: 20210504 | F80: =VALUE(LEFT(E80,4)) -> 2021 | G80: =VALUE(RIGHT(LEFT(E80,6),2)) -> 5 | H80: =D80/0.64*1.04*1.07*1.04*1.015 -> 1755.5779 | I80: =H80/0.45 -> 3901.2842 | J80: Hydraulique INOX Carbure C124 | L80: 5 | M80: =MIN(45,IF(L80<>0,ROUNDUP(52/L80,0)*5,45)) -> 45 | N80: 45
A81: 1051722600/ | B81: *** HYD C124 PP26 | C81: 20 | D81: 1158.7623 | E81: 20210504 | F81: =VALUE(LEFT(E81,4)) -> 2021 | G81: =VALUE(RIGHT(LEFT(E81,6),2)) -> 5 | H81: =D81/0.64*1.04*1.07*1.04*1.015 -> 2126.8208 | I81: =H81/0.45 -> 4726.2685 | J81: Hydraulique INOX C124 COUVERCLE | M81: =MIN(45,IF(L81<>0,ROUNDUP(52/L81,0)*5,45)) -> 45 | N81: 45
A82: 1051730100/ | B82: *** HYD C225 PP01 | C82: 20 | D82: 603.06152 | E82: 20210504 | F82: =VALUE(LEFT(E82,4)) -> 2021 | G82: =VALUE(RIGHT(LEFT(E82,6),2)) -> 5 | H82: =D82/0.64*1.04*1.07*1.04*1.015 -> 1106.8739 | I82: =H82/0.45 -> 2459.7198 | J82: Hydraulique INOX C225 | K82: 209647R | L82: 19 | M82: =MIN(45,IF(L82<>0,ROUNDUP(52/L82,0)*5,45)) -> 15 | N82: 15
A83: 1051730300/ | B83: *** HYD C225 PP03 | C83: 20 | D83: 558.94622 | E83: 20210504 | F83: =VALUE(LEFT(E83,4)) -> 2021 | G83: =VALUE(RIGHT(LEFT(E83,6),2)) -> 5 | H83: =D83/0.64*1.04*1.07*1.04*1.015 -> 1025.9036 | I83: =H83/0.45 -> 2279.7858 | J83: Hydraulique INOX C225 | K83: 209647R | L83: 19 | M83: =MIN(45,IF(L83<>0,ROUNDUP(52/L83,0)*5,45)) -> 15 | N83: 15
A84: 1051730400/ | B84: *** HYD C225 PP04 | C84: 20 | D84: 603 | E84: 20210504 | F84: =VALUE(LEFT(E84,4)) -> 2021 | G84: =VALUE(RIGHT(LEFT(E84,6),2)) -> 5 | H84: =D84/0.64*1.04*1.07*1.04*1.015 -> 1106.761 | I84: =H84/0.45 -> 2459.4688 | J84: Hydraulique INOX C225 ALLONGE | K84: 210134R | L84: 0 | M84: =MIN(45,IF(L84<>0,ROUNDUP(52/L84,0)*5,45)) -> 45 | N84: 45
A85: 1051740100/ | B85: *** HYD REXSON C227 | C85: 20 | D85: 710.52109 | E85: 20210504 | F85: =VALUE(LEFT(E85,4)) -> 2021 | G85: =VALUE(RIGHT(LEFT(E85,6),2)) -> 5 | H85: =D85/0.64*1.04*1.07*1.04*1.015 -> 1304.1078 | I85: =H85/0.45 -> 2898.0174 | J85: Hydraulique C227 WM | K85: 210619R | L85: 16 | M85: =MIN(45,IF(L85<>0,ROUNDUP(52/L85,0)*5,45)) -> 20 | N85: 20
A86: 1051740300/ | B86: *** HYD REXSON C227 BLL I | C86: 20 | D86: 917.51108 | E86: 20210504 | F86: =VALUE(LEFT(E86,4)) -> 2021 | G86: =VALUE(RIGHT(LEFT(E86,6),2)) -> 5 | H86: =D86/0.64*1.04*1.07*1.04*1.015 -> 1684.0223 | I86: =H86/0.45 -> 3742.2718 | J86: Hydraulique C227 PS | K86: 210631R | L86: 3 | M86: =MIN(45,IF(L86<>0,ROUNDUP(52/L86,0)*5,45)) -> 45 | N86: 45
A87: 1051741000/ | B87: *** HYD REXSON C227 BLL INOX | C87: 20 | D87: 947.92496 | E87: 20210504 | F87: =VALUE(LEFT(E87,4)) -> 2021 | G87: =VALUE(RIGHT(LEFT(E87,6),2)) -> 5 | H87: =D87/0.64*1.04*1.07*1.04*1.015 -> 1739.8447 | I87: =H87/0.45 -> 3866.3216 | J87: Hydraulique INOX C227 WM | K87: 210628R | L87: 1 | M87: =MIN(45,IF(L87<>0,ROUNDUP(52/L87,0)*5,45)) -> 45 | N87: 45
A88: 1051742400/ | B88: *** HYD RX C227 INOX CB | C88: 20 | D88: 1193.3606 | E88: 20210504 | F88: =VALUE(LEFT(E88,4)) -> 2021 | G88: =VALUE(RIGHT(LEFT(E88,6),2)) -> 5 | H88: =D88/0.64*1.04*1.07*1.04*1.015 -> 2190.3232 | I88: =H88/0.45 -> 4867.385 | J88: Hydraulique INOX C227 CB | K88: None | N88: 45
A89: 1051742500/ | B89: *** HYD REXSON C227 ZINC | C89: 20 | D89: 1497.6917 | E89: 20210504 | F89: =VALUE(LEFT(E89,4)) -> 2021 | G89: =VALUE(RIGHT(LEFT(E89,6),2)) -> 5 | H89: =D89/0.64*1.04*1.07*1.04*1.015 -> 2748.9001 | I89: =H89/0.45 -> 6108.6669 | J89: Hydraulique C227 ZINC | K89: 10517493R | L89: 0 | M89: =MIN(45,IF(L89<>0,ROUNDUP(52/L89,0)*5,45)) -> 45 | N89: 45
A90: 844240000+ | B90: *** HYD C360 A BILLE NUE | C90: 20 | D90: 1308.7246 | E90: 20210504 | F90: =VALUE(LEFT(E90,4)) -> 2021 | G90: =VALUE(RIGHT(LEFT(E90,6),2)) -> 5 | H90: =D90/0.64*1.04*1.07*1.04*1.015 -> 2402.0651 | I90: =H90/0.45 -> 5337.9225 | J90: Hydraulique C360 PS | K90: 044240120+ | L90: 10 | M90: =MIN(45,IF(L90<>0,ROUNDUP(52/L90,0)*5,45)) -> 30 | N90: 20 | O90: 044240120+ Cylindre 360, 340 = 10 unités par an
A91: 844240100+ | B91: *** HYD C360 A BILLE NUE MURAL | C91: 20 | D91: 1007.593 | E91: 20210504 | F91: =VALUE(LEFT(E91,4)) -> 2021 | G91: =VALUE(RIGHT(LEFT(E91,6),2)) -> 5 | H91: =D91/0.64*1.04*1.07*1.04*1.015 -> 1849.3609 | I91: =H91/0.45 -> 4109.6909 | J91: Hydraulique C360 WM | K91: 044240120+ | L91: 10 | M91: =MIN(45,IF(L91<>0,ROUNDUP(52/L91,0)*5,45)) -> 30 | N91: 45 | O91: Version murale plus rare
A92: 844245100+ | B92: *** HYD C340 PALETTE NUE | C92: 20 | D92: 1817.1529 | E92: 20210504 | F92: =VALUE(LEFT(E92,4)) -> 2021 | G92: =VALUE(RIGHT(LEFT(E92,6),2)) -> 5 | H92: =D92/0.64*1.04*1.07*1.04*1.015 -> 3335.247 | I92: =H92/0.45 -> 7411.66 | J92: Hydraulique C340 PS | K92: 044240120+ | L92: 10 | M92: =MIN(45,IF(L92<>0,ROUNDUP(52/L92,0)*5,45)) -> 30 | N92: 20
A93: 1051820400/ | B93: *** HYD PAL C106 PIED 04 | C93: 20 | D93: 907.98008 | E93: 20210504 | F93: =VALUE(LEFT(E93,4)) -> 2021 | G93: =VALUE(RIGHT(LEFT(E93,6),2)) -> 5 | H93: =D93/0.64*1.04*1.07*1.04*1.015 -> 1666.5289 | I93: =H93/0.45 -> 3703.3975 | J93: Hydraulique C106 Drum 200L | K93: 210164R | L93: 1 | M93: =MIN(45,IF(L93<>0,ROUNDUP(52/L93,0)*5,45)) -> 45 | N93: 45 | O93: 210164R Allonge tige
A94: 1051820500/ | B94: *** HYD PAL C106 PIED 05 | C94: 20 | D94: 820.13191 | E94: 20210504 | F94: =VALUE(LEFT(E94,4)) -> 2021 | G94: =VALUE(RIGHT(LEFT(E94,6),2)) -> 5 | H94: =D94/0.64*1.04*1.07*1.04*1.015 -> 1505.2902 | I94: =H94/0.45 -> 3345.0893 | J94: Hydraulique C106 Drum 60L | K94: 210337R | L94: 0 | M94: =MIN(45,IF(L94<>0,ROUNDUP(52/L94,0)*5,45)) -> 45 | N94: 45 | O94: 210337R Tube remplissage commun 106 et 216
A95: 1051821100/ | B95: *** HYD PAL C106 PIED 11 | C95: 20 | D95: 801.3236 | E95: 20210504 | F95: =VALUE(LEFT(E95,4)) -> 2021 | G95: =VALUE(RIGHT(LEFT(E95,6),2)) -> 5 | H95: =D95/0.64*1.04*1.07*1.04*1.015 -> 1470.769 | I95: =H95/0.45 -> 3268.3755 | J95: Hydraulique C106 INOX FP | K95: 209716R | L95: 3 | M95: =MIN(45,IF(L95<>0,ROUNDUP(52/L95,0)*5,45)) -> 45 | N95: 45
A96: 1051821300/ | B96: *** HYD PAL C106 PIED 13 | C96: 20 | D96: 518.05256 | E96: 20210504 | F96: =VALUE(LEFT(E96,4)) -> 2021 | G96: =VALUE(RIGHT(LEFT(E96,6),2)) -> 5 | H96: =D96/0.64*1.04*1.07*1.04*1.015 -> 950.84637 | I96: =H96/0.45 -> 2112.9919 | J96: Hydraulique C106 | K96: 209707R | L96: 51 | M96: =MIN(45,IF(L96<>0,ROUNDUP(52/L96,0)*5,45)) -> 10 | N96: 10 | O96: 209707R Tube remplissage C106
A97: 1051831300/ | B97: *** HYD C207 INOX FP | C97: 20 | D97: 762.96384 | E97: 20210504 | F97: =VALUE(LEFT(E97,4)) -> 2021 | G97: =VALUE(RIGHT(LEFT(E97,6),2)) -> 5 | H97: =D97/0.64*1.04*1.07*1.04*1.015 -> 1400.3625 | I97: =H97/0.45 -> 3111.9167 | J97: Hydraulique C207 | K97: 209692R | L97: 36 | M97: =MIN(45,IF(L97<>0,ROUNDUP(52/L97,0)*5,45)) -> 10 | N97: 10
A98: 1051840200/ | B98: *** HYD C216 NUE P02 | C98: 20 | D98: 822.17678 | E98: 20210504 | F98: =VALUE(LEFT(E98,4)) -> 2021 | G98: =VALUE(RIGHT(LEFT(E98,6),2)) -> 5 | H98: =D98/0.64*1.04*1.07*1.04*1.015 -> 1509.0434 | I98: =H98/0.45 -> 3353.4298 | J98: Hydraulique C216 PS | K98: 210635R | L98: 19 | M98: =MIN(45,IF(L98<>0,ROUNDUP(52/L98,0)*5,45)) -> 15 | N98: 15
A99: 1051840300/ | B99: *** HYD C216 NUE P03 | C99: 20 | D99: 1112.8107 | E99: 20210504 | F99: =VALUE(LEFT(E99,4)) -> 2021 | G99: =VALUE(RIGHT(LEFT(E99,6),2)) -> 5 | H99: =D99/0.64*1.04*1.07*1.04*1.015 -> 2042.4801 | I99: =H99/0.45 -> 4538.8446 | J99: Hydraulique C216 Drum 60L | K99: 210337R | L99: 0 | M99: =MIN(45,IF(L99<>0,ROUNDUP(52/L99,0)*5,45)) -> 45 | N99: 45 | O99: 210337R Tube remplissage commun 106 et 216
A100: 1052140100/ | B100: *** HYD BLL C750 PC COMM MUR | C100: 20 | D100: 1711.805 | E100: 20210504 | F100: =VALUE(LEFT(E100,4)) -> 2021 | G100: =VALUE(RIGHT(LEFT(E100,6),2)) -> 5 | H100: =D100/0.64*1.04*1.07*1.04*1.015 -> 3141.8888 | I100: =H100/0.45 -> 6981.9752 | J100: Hydraulique C750 WM | K100: 203176R | L100: 4 | M100: =MIN(45,IF(L100<>0,ROUNDUP(52/L100,0)*5,45)) -> 45 | N100: 45 | O100: Augmentation artificiel du PR pour coller à un augmentation de 5% au tarif 2027
A101: 1052140300/ | B101: *** HYD BLL C750 PC COMM PLAT | C101: 20 | D101: 1687.6053 | E101: 20210504 | F101: =VALUE(LEFT(E101,4)) -> 2021 | G101: =VALUE(RIGHT(LEFT(E101,6),2)) -> 5 | H101: =D101/0.64*1.04*1.07*1.04*1.015 -> 3097.4721 | I101: =H101/0.45 -> 6883.2714 | J101: Hydraulique C750 PS | M101: =MIN(45,IF(L101<>0,ROUNDUP(52/L101,0)*5,45)) -> 45 | N101: 45
A102: 1052150200/ | B102: *** HYD PLT C715 D105 | C102: 20 | D102: 2389.6779 | E102: 20210504 | F102: =VALUE(LEFT(E102,4)) -> 2021 | G102: =VALUE(RIGHT(LEFT(E102,6),2)) -> 5 | H102: =D102/0.64*1.04*1.07*1.04*1.015 -> 4386.0733 | I102: =H102/0.45 -> 9746.8296 | J102: Hydraulique C715 PS | M102: =MIN(45,IF(L102<>0,ROUNDUP(52/L102,0)*5,45)) -> 45 | N102: 45
A103: 1052150500/ | B103: *** HYD PLT C715 D110 | C103: 20 | D103: 2181.6149 | E103: 20210504 | F103: =VALUE(LEFT(E103,4)) -> 2021 | G103: =VALUE(RIGHT(LEFT(E103,6),2)) -> 5 | H103: =D103/0.64*1.04*1.07*1.04*1.015 -> 4004.1894 | I103: =H103/0.45 -> 8898.1988 | J103: Hydraulique C715 Lisse | M103: =MIN(45,IF(L103<>0,ROUNDUP(52/L103,0)*5,45)) -> 45 | N103: 45
A104: 1062060200/ | B104: *** HYD C910 NUE PLT | C104: 20 | D104: 1558.0372 | E104: 20210504 | F104: =VALUE(LEFT(E104,4)) -> 2021 | G104: =VALUE(RIGHT(LEFT(E104,6),2)) -> 5 | H104: =D104/0.64*1.04*1.07*1.04*1.015 -> 2859.6596 | I104: =H104/0.45 -> 6354.7991 | J104: Hydraulique C910 PS | K104: 210717R | L104: 7 | M104: =MIN(45,IF(L104<>0,ROUNDUP(52/L104,0)*5,45)) -> 40 | N104: 45
A105: 1062061000/ | B105: *** HYD C910 INOX NUE P10 | C105: 20 | D105: 2902.0789 | E105: 20210504 | F105: =VALUE(LEFT(E105,4)) -> 2021 | G105: =VALUE(RIGHT(LEFT(E105,6),2)) -> 5 | H105: =D105/0.64*1.04*1.07*1.04*1.015 -> 5326.5467 | I105: =H105/0.45 -> 11836.771 | J105: Hydraulique C910 Inox | K105: 210885R | L105: 0 | M105: =MIN(45,IF(L105<>0,ROUNDUP(52/L105,0)*5,45)) -> 45 | N105: 45
A106: 1062060500/ | B106: *** HYD C910 ENCRE P5 | C106: 20 | D106: 1511.5479 | E106: 20210504 | F106: =VALUE(LEFT(E106,4)) -> 2021 | G106: =VALUE(RIGHT(LEFT(E106,6),2)) -> 5 | H106: =D106/0.64*1.04*1.07*1.04*1.015 -> 2774.3321 | I106: =H106/0.45 -> 6165.1824 | J106: Hydraulique C910 Lisse | M106: =MIN(45,IF(L106<>0,ROUNDUP(52/L106,0)*5,45)) -> 45 | N106: 45
A107: 1062065200/ | B107: *** HYD PLT TENOR 910CC ALLONG | C107: 20 | D107: 3253.8774 | E107: 20250925 | F107: =VALUE(LEFT(E107,4)) -> 2025 | G107: =VALUE(RIGHT(LEFT(E107,6),2)) -> 9 | H107: =D107/0.64 -> 5084.1834 | I107: =H107/0.45 -> 11298.185 | J107: Hydraulique C910 Lisse | M107: =MIN(45,IF(L107<>0,ROUNDUP(52/L107,0)*5,45)) -> 45 | N107: 45 | O107: Création de la variante sur la version E2027
A108: 1062010100/ | B108: *** HYD C980 P01 | C108: 20 | D108: 1217.9592 | E108: 20210504 | F108: =VALUE(LEFT(E108,4)) -> 2021 | G108: =VALUE(RIGHT(LEFT(E108,6),2)) -> 5 | H108: =D108/0.64*1.04*1.07*1.04*1.015 -> 2235.4722 | I108: =H108/0.45 -> 4967.7159 | J108: Hydraulique C980 CS WM | K108: 210707R | L108: 3 | M108: =MIN(45,IF(L108<>0,ROUNDUP(52/L108,0)*5,45)) -> 45 | N108: 25 | O108: 210707R Corps de clapet
A109: 1062010300/ | B109: *** HYD C980 P03 | C109: 20 | D109: 1348.8794 | E109: 20210504 | F109: =VALUE(LEFT(E109,4)) -> 2021 | G109: =VALUE(RIGHT(LEFT(E109,6),2)) -> 5 | H109: =D109/0.64*1.04*1.07*1.04*1.015 -> 2475.7663 | I109: =H109/0.45 -> 5501.7029 | J109: Hydraulique C980 CS PS | K109: 210714R | L109: 11 | M109: =MIN(45,IF(L109<>0,ROUNDUP(52/L109,0)*5,45)) -> 25 | N109: 25 | O109: 210714R Corps de clapet pour PS version carbure aussi
A110: 1062010400/ | B110: *** HYD C980 CARBU FP105 | C110: 20 | D110: 1841.3464 | E110: 20210504 | F110: =VALUE(LEFT(E110,4)) -> 2021 | G110: =VALUE(RIGHT(LEFT(E110,6),2)) -> 5 | H110: =D110/0.64*1.04*1.07*1.04*1.015 -> 3379.6524 | I110: =H110/0.45 -> 7510.3386 | J110: Hydraulique C980 CS+CARBURE PS | K110: 210714R | L110: 11 | M110: =MIN(45,IF(L110<>0,ROUNDUP(52/L110,0)*5,45)) -> 25 | N110: 25
A111: 1062011000/ | B111: *** HYD C980 INOX MUR | C111: 20 | D111: 1810.6107 | E111: 20210504 | F111: =VALUE(LEFT(E111,4)) -> 2021 | G111: =VALUE(RIGHT(LEFT(E111,6),2)) -> 5 | H111: =D111/0.64*1.04*1.07*1.04*1.015 -> 3323.2393 | I111: =H111/0.45 -> 7384.9761 | J111: Hydraulique C980 SS WM | K111: 210897R | L111: 13 | M111: =MIN(45,IF(L111<>0,ROUNDUP(52/L111,0)*5,45)) -> 20 | N111: 20 | O111: 210897R corps de clapet idem WM et PS
A112: 1062011100/ | B112: *** HYD C980 INOX P11 | C112: 20 | D112: 2029.9775 | E112: 20210504 | F112: =VALUE(LEFT(E112,4)) -> 2021 | G112: =VALUE(RIGHT(LEFT(E112,6),2)) -> 5 | H112: =D112/0.64*1.04*1.07*1.04*1.015 -> 3725.8704 | I112: =H112/0.45 -> 8279.7121 | J112: Hydraulique C980 SS PS | K112: 210897R | L112: 13 | M112: =MIN(45,IF(L112<>0,ROUNDUP(52/L112,0)*5,45)) -> 20 | N112: 20
A113: 1062011400/ | B113: *** HYD C980 INOX CARB P14 | C113: 20 | D113: 2512.1115 | E113: 20210504 | F113: =VALUE(LEFT(E113,4)) -> 2021 | G113: =VALUE(RIGHT(LEFT(E113,6),2)) -> 5 | H113: =D113/0.64*1.04*1.07*1.04*1.015 -> 4610.7911 | I113: =H113/0.45 -> 10246.202 | J113: Hydraulique C980 SS+CARBURE PS | K113: 10620194R | L113: 0 | M113: =MIN(45,IF(L113<>0,ROUNDUP(52/L113,0)*5,45)) -> 45 | N113: 25 | O113: Pompe ideal pour gaver les doseurs L1K
A114: 1051860200/ | B114: *** HYDR. PLT MAJOR 560 CC | C114: 20 | D114: 1259.2338 | E114: 20210504 | F114: =VALUE(LEFT(E114,4)) -> 2021 | G114: =VALUE(RIGHT(LEFT(E114,6),2)) -> 5 | H114: =D114/0.64*1.04*1.07*1.04*1.015 -> 2311.2285 | I114: =H114/0.45 -> 5136.0634 | J114: Hydraulique C560 CS | M114: =MIN(45,IF(L114<>0,ROUNDUP(52/L114,0)*5,45)) -> 45 | N114: 45
A115: 1051861000/ | B115: *** HYD PLT MAJOR 560CC INOX | C115: 20 | D115: 2223.6282 | E115: 20210504 | F115: =VALUE(LEFT(E115,4)) -> 2021 | G115: =VALUE(RIGHT(LEFT(E115,6),2)) -> 5 | H115: =D115/0.64*1.04*1.07*1.04*1.015 -> 4081.3017 | I115: =H115/0.45 -> 9069.5593 | J115: Hydraulique C560 SS | M115: =MIN(45,IF(L115<>0,ROUNDUP(52/L115,0)*5,45)) -> 45 | N115: 45
A116: 844251000+ | B116: *** HYD REXSON C1000 | C116: 20 | D116: 2951.2549 | E116: 20210504 | F116: =VALUE(LEFT(E116,4)) -> 2021 | G116: =VALUE(RIGHT(LEFT(E116,6),2)) -> 5 | H116: =D116/0.64*1.04*1.07*1.04*1.015 -> 5416.8055 | I116: =H116/0.45 -> 12037.346 | J116: Hydraulique C1000 SS | K116: 044250001+ | L116: 14 | M116: =MIN(45,IF(L116<>0,ROUNDUP(52/L116,0)*5,45)) -> 20 | N116: 20 | O116: C1000 + C930
A117: 844251106+ | B117: *** HYDR REXSON C930 | C117: 20 | D117: 3332.1523 | E117: 20210504 | F117: =VALUE(LEFT(E117,4)) -> 2021 | G117: =VALUE(RIGHT(LEFT(E117,6),2)) -> 5 | H117: =D117/0.64*1.04*1.07*1.04*1.015 -> 6115.914 | I117: =H117/0.45 -> 13590.92 | J117: Hydraulique C930 | K117: 044250103+ | L117: 2 | M117: =MIN(45,IF(L117<>0,ROUNDUP(52/L117,0)*5,45)) -> 45 | N117: 45
A118: 844251306+ | B118: *** HYD RX C930 POUR PLATEAU | C118: 20 | D118: 3405.3505 | E118: 20210504 | F118: =VALUE(LEFT(E118,4)) -> 2021 | G118: =VALUE(RIGHT(LEFT(E118,6),2)) -> 5 | H118: =D118/0.64*1.04*1.07*1.04*1.015 -> 6250.2637 | I118: =H118/0.45 -> 13889.475 | J118: Hydraulique C930 | M118: =MIN(45,IF(L118<>0,ROUNDUP(52/L118,0)*5,45)) -> 45 | N118: 45
A119: 10520900/ | B119: *** JTS PREM MTG N06 | C119: 20 | D119: 81.119448 | E119: 20210504 | F119: =VALUE(LEFT(E119,4)) -> 2021 | G119: =VALUE(RIGHT(LEFT(E119,6),2)) -> 5 | H119: =D119/0.64*1.04*1.07*1.04*1.015 -> 148.88862 | I119: =H119/0.45 -> 330.86361 | J119: JOINTS | N119: 5
A120: 10523500/ | B120: *** JTS PREM MTG J01 | C120: 20 | D120: 13.14144 | E120: 20210504 | F120: =VALUE(LEFT(E120,4)) -> 2021 | G120: =VALUE(RIGHT(LEFT(E120,6),2)) -> 5 | H120: =D120/0.64*1.04*1.07*1.04*1.015 -> 24.120121 | I120: =H120/0.45 -> 53.600269 | J120: JOINTS | N120: 5
A121: 10523600/ | B121: *** JTS PREM MTG J02 | C121: 20 | D121: 17.611776 | E121: 20210504 | F121: =VALUE(LEFT(E121,4)) -> 2021 | G121: =VALUE(RIGHT(LEFT(E121,6),2)) -> 5 | H121: =D121/0.64*1.04*1.07*1.04*1.015 -> 32.325085 | I121: =H121/0.45 -> 71.833523 | J121: JOINTS | N121: 5
A122: 10523700/ | B122: *** JTS PREM MTG J03 | C122: 20 | D122: 21.39696 | E122: 20210504 | F122: =VALUE(LEFT(E122,4)) -> 2021 | G122: =VALUE(RIGHT(LEFT(E122,6),2)) -> 5 | H122: =D122/0.64*1.04*1.07*1.04*1.015 -> 39.272505 | I122: =H122/0.45 -> 87.272232 | J122: JOINTS | N122: 5
A123: 10523900/ | B123: *** JTS PREM MTG J04 | C123: 20 | D123: 30.977856 | E123: 20210504 | F123: =VALUE(LEFT(E123,4)) -> 2021 | G123: =VALUE(RIGHT(LEFT(E123,6),2)) -> 5 | H123: =D123/0.64*1.04*1.07*1.04*1.015 -> 56.857516 | I123: =H123/0.45 -> 126.35004 | J123: JOINTS | N123: 5
A124: 10524000/ | B124: *** JTS PREM MTG J05 | C124: 20 | D124: 39.401856 | E124: 20210504 | F124: =VALUE(LEFT(E124,4)) -> 2021 | G124: =VALUE(RIGHT(LEFT(E124,6),2)) -> 5 | H124: =D124/0.64*1.04*1.07*1.04*1.015 -> 72.319132 | I124: =H124/0.45 -> 160.70918 | J124: JOINTS | N124: 5
A125: 10524100/ | B125: *** JTS PREM MTG J06 | C125: 20 | D125: 49.881312 | E125: 20210504 | F125: =VALUE(LEFT(E125,4)) -> 2021 | G125: =VALUE(RIGHT(LEFT(E125,6),2)) -> 5 | H125: =D125/0.64*1.04*1.07*1.04*1.015 -> 91.553382 | I125: =H125/0.45 -> 203.45196 | J125: JOINTS | N125: 5
A126: 10524300/ | B126: *** JTS PREM MTG J01 | C126: 20 | D126: 20.801232 | E126: 20210504 | F126: =VALUE(LEFT(E126,4)) -> 2021 | G126: =VALUE(RIGHT(LEFT(E126,6),2)) -> 5 | H126: =D126/0.64*1.04*1.07*1.04*1.015 -> 38.179091 | I126: =H126/0.45 -> 84.842424 | J126: JOINTS | N126: 5
A127: 10524400/ | B127: *** JTS PREM MTG J02 | C127: 20 | D127: 25.271568 | E127: 20210504 | F127: =VALUE(LEFT(E127,4)) -> 2021 | G127: =VALUE(RIGHT(LEFT(E127,6),2)) -> 5 | H127: =D127/0.64*1.04*1.07*1.04*1.015 -> 46.384055 | I127: =H127/0.45 -> 103.07568 | J127: JOINTS | N127: 5
A128: 10524500/ | B128: *** JTS PREM MTG J03 | C128: 20 | D128: 20.116296 | E128: 20210504 | F128: =VALUE(LEFT(E128,4)) -> 2021 | G128: =VALUE(RIGHT(LEFT(E128,6),2)) -> 5 | H128: =D128/0.64*1.04*1.07*1.04*1.015 -> 36.921943 | I128: =H128/0.45 -> 82.048761 | J128: JOINTS | N128: 5
A129: 10524700/ | B129: *** JTS PREM MTG J04 | C129: 20 | D129: 29.113344 | E129: 20210504 | F129: =VALUE(LEFT(E129,4)) -> 2021 | G129: =VALUE(RIGHT(LEFT(E129,6),2)) -> 5 | H129: =D129/0.64*1.04*1.07*1.04*1.015 -> 53.435345 | I129: =H129/0.45 -> 118.74521 | J129: JOINTS | N129: 5
A130: 10524800/ | B130: *** JTS PREM MTG J05 | C130: 20 | D130: 42.389568 | E130: 20210504 | F130: =VALUE(LEFT(E130,4)) -> 2021 | G130: =VALUE(RIGHT(LEFT(E130,6),2)) -> 5 | H130: =D130/0.64*1.04*1.07*1.04*1.015 -> 77.802852 | I130: =H130/0.45 -> 172.89523 | J130: JOINTS | N130: 5
... A192: 574209110+ | B192: NOTICE POMPE 79-124-225 cc | C192: 20 | D192: 3.25728 | E192: 20210409 | F192: =VALUE(LEFT(E192,4)) -> 2021 | G192: =VALUE(RIGHT(LEFT(E192,6),2)) -> 4 | H192: =D192/0.64*1.04*1.07*1.04*1.015 -> 5.9784915 | I192: =H192/0.45 -> 13.285537 | J192: NOTICE | N192: 5
A193: 574214110+ et 574163110+ | B193: ? | D193: 0 | F193: =VALUE(LEFT(E193,4)) -> #VALUE! | G193: =VALUE(RIGHT(LEFT(E193,6),2)) -> #VALUE! | H193: =D193/0.64*1.04*1.07*1.04*1.015 -> 0 | I193: =H193/0.45 -> 0 | J193: NOTICE | N193: 5
A194: 574219110+ | B194: NOTICE POMPE 48p | C194: 20 | D194: 0.011232 | E194: 20210409 | F194: =VALUE(LEFT(E194,4)) -> 2021 | G194: =VALUE(RIGHT(LEFT(E194,6),2)) -> 4 | H194: =D194/0.64*1.04*1.07*1.04*1.015 -> 0.020615488 | I194: =H194/0.45 -> 0.045812196 | J194: NOTICE | N194: 5
A195: 574227110+ | B195: NOTICE HYDRAULIQUE 910CC | C195: 20 | D195: 0.11232 | E195: 20210409 | F195: =VALUE(LEFT(E195,4)) -> 2021 | G195: =VALUE(RIGHT(LEFT(E195,6),2)) -> 4 | H195: =D195/0.64*1.04*1.07*1.04*1.015 -> 0.20615488 | I195: =H195/0.45 -> 0.45812196 | J195: NOTICE | N195: 5
A196: 574233111+ | B196: ? | D196: 0 | F196: =VALUE(LEFT(E196,4)) -> #VALUE! | G196: =VALUE(RIGHT(LEFT(E196,6),2)) -> #VALUE! | H196: =D196/0.64*1.04*1.07*1.04*1.015 -> 0 | I196: =H196/0.45 -> 0 | J196: NOTICE | N196: 5
A197: 574275110+ | B197: NOTICE HYDRAULIQUE 4 BILLES | C197: 20 | D197: 1.785888 | E197: 20210409 | F197: =VALUE(LEFT(E197,4)) -> 2021 | G197: =VALUE(RIGHT(LEFT(E197,6),2)) -> 4 | H197: =D197/0.64*1.04*1.07*1.04*1.015 -> 3.2778626 | I197: =H197/0.45 -> 7.2841391 | J197: NOTICE | N197: 5
...

Sheet REXSON Pump configurator
D1: REXSON Pumps Configurator
D2: =INDEX(Translation,MATCH("Designation",Tr_Index,0),MATCH(User_Language,Language,0)) -> Designation | G2: REX2B0588-70-CS-WM-03 | J2: =Test_Designation -> VALIDE
D4: =INDEX(Translation,MATCH("Configuration",Tr_Index,0),MATCH(User_Language,Language,0)) -> Configuration | G4: =INDEX(Translation,MATCH("Select product configuration",Tr_Index,0),MATCH(User_Language,Language,0)) -> Select product configuration | J4: {=IF(OR(J5:J10="O"),"NOT VALIDE","VALIDE")} -> VALIDE
D5: =INDEX(Translation,MATCH("Pump technology",Tr_Index,0),MATCH(User_Language,Language,0)) -> Pump technology | J5: =IF(INDEX(Scroll_Techno,Choice_Techno)<>"","P","O") -> P
D6: =INDEX(Translation,MATCH("Pump displacment [cc]",Tr_Index,0),MATCH(User_Language,Language,0)) -> Pump displacment [cc] | J6: =IF(INDEX(Scroll_Disp,Choice_Disp)<>"","P","O") -> P
D7: =INDEX(Translation,MATCH("Motor",Tr_Index,0),MATCH(User_Language,Language,0)) -> Motor | J7: =IF(INDEX(Scroll_Motor,Choice_Motor)<>"","P","O") -> P
D8: =INDEX(Translation,MATCH("Material",Tr_Index,0),MATCH(User_Language,Language,0)) -> Material | J8: =IF(INDEX(Scroll_Mat,Choice_Mat)<>"","P","O") -> P
D9: =INDEX(Translation,MATCH("Foot / Connection Size",Tr_Index,0),MATCH(User_Language,Language,0)) -> Foot / Connection Size | J9: =IF(INDEX(Scroll_Foot,Choice_Foot)<>"","P","O") -> P
D10: =INDEX(Translation,MATCH("Seal Pack (Static Seal)",Tr_Index,0),MATCH(User_Language,Language,0)) -> Seal Pack (Static Seal) | J10: =IF(INDEX(Scroll_Seal,Choice_Seal)<>"","P","O") -> P
B14: =INDEX(Translation,MATCH("Location",Tr_Index,0),MATCH(User_Language,Language,0)) -> Location
B16: =INDEX(Translation,MATCH("Product",Tr_Index,0),MATCH(User_Language,Language,0)) -> Product | C16: TECH | D16: CCCC | E16: MO | F16: MAT | G16: FOOT | H16: SEAL | I16: =INDEX(Translation,MATCH("Configuration Available?",Tr_Index,0),MATCH(User_Language,Language,0)) -> Configuration Available?
B17: REX | C17: =IF(Entry_Choice=2,Designation_Techno,INDEX(List_Techno,Choice_Techno)) -> 2B | D17: =IF(Entry_Choice=2,Designation_Disp,INDEX(List_Disp,Choice_Disp)) -> 0588 | E17: =IF(Entry_Choice=2,Designation_Motor,INDEX(List_Motor,Choice_Motor)) -> 70 | F17: =IF(Entry_Choice=2,Designation_Mat,INDEX(List_Mat,Choice_Mat)) -> CS | G17: =IF(Entry_Choice=2,Designation_Foot,INDEX(List_Foot,Choice_Foot)) -> WM | H17: =IF(Entry_Choice=2,Designation_Seal,INDEX(List_Seal,Choice_Seal)) -> 03 | I17: {=IF(OR( C17:H17="", C17:H17="ERROR", ISERROR(MATCH(User_Techno&User_Disp&User_Mot,Flange_Techno&Flange_Disp&Flange_Motor,0)), ISERROR(MATCH(User_Techno&User_Disp&User_Mat&User_Foot,Body_Techno&Body_Disp&Body_Mat&Body_Foot,0)) ),"NO","YES")} -> YES
B19: =INDEX(Translation,MATCH("MOVEX Proposed Code",Tr_Index,0),MATCH(User_Language,Language,0)) -> MOVEX Proposed Code | E19: {=IF(Test="YES", IFERROR( INDEX('Tarif 2027'!A:A, MATCH("#"&'REXSON Pump configurator'!E20,'Tarif 2027'!C:C,0)), INDEX(Techno_Movex_Digit,MATCH(User_Techno,Techno_Code,0)) &INDEX(Motor_Movex_Digit,MATCH(User_Mot,Motor_Code,0)) &INDEX(Disp_Movex_Digit,MATCH(User_Disp,Disp_Code,0)) &INDEX(Mat_Movex_Digit,MATCH(User_Mat,Mat_Code,0)) &INDEX(Seal_Movex_Digit,MATCH(User_Seal,Seal_Code,0)) &INDEX(Body_Foot_Movex_Digit, MATCH(User_Techno&User_Disp&User_Mat&User_Foot,Body_Techno&Body_Disp&Body_Mat&Body_Foot,0)) &"000"), "")} -> 61450588131000
B20: =INDEX(Translation,MATCH("Designation",Tr_Index,0),MATCH(User_Language,Language,0)) -> Designation | E20: =IF(Test="YES","REX"&User_Techno&User_Disp&"-"&User_Mot&"-"&User_Mat&"-"&User_Foot&"-"&User_Seal,"") -> REX2B0588-70-CS-WM-03
B21: =INDEX(Translation,MATCH("Commercial Designation",Tr_Index,0),MATCH(User_Language,Language,0)) -> Commercial Designation | D21: GB | E21: {=IF(Test="YES",INDEX(Techno_GB,MATCH(User_Techno,Techno_Code,0))&" "&INDEX(Flange_GB,MATCH(User_Techno&User_Disp&User_Mot,Flange_Techno&Flange_Disp&Flange_Motor,0))&" "&VALUE(User_Disp)&"CC "&INDEX(Mat_GB,MATCH(User_Mat,Mat_Code,0))&" "&INDEX(Body_Foot_GB,MATCH(User_Techno&User_Disp&User_Mat&User_Foot,Body_Techno&Body_Disp&Body_Mat&Body_Foot,0))&" "&INDEX(Seal_GB,MATCH(User_Seal,Seal_Code,0)),"")} -> REXSON 2 BALLS PUMP 18/1 588CC CS WALL S03
D22: FR | E22: {=IF(Test="YES",INDEX(Techno_FR,MATCH(User_Techno,Techno_Code,0))&" "&INDEX(Flange_FR,MATCH(User_Techno&User_Disp&User_Mot,Flange_Techno&Flange_Disp&Flange_Motor,0))&" "&VALUE(User_Disp)&"CC "&INDEX(Mat_FR,MATCH(User_Mat,Mat_Code,0))&" "&INDEX(Body_Foot_FR,MATCH(User_Techno&User_Disp&User_Mat&User_Foot,Body_Techno&Body_Disp&Body_Mat&Body_Foot,0))&" "&INDEX(Seal_FR,MATCH(User_Seal,Seal_Code,0)),"")} -> POMPE REXSON 2 BILLES 18/1 588CC ACIER MURALE J03
B24: =INDEX(Translation,MATCH("Marketing",Tr_Index,0),MATCH(User_Language,Language,0)) -> Marketing | D24: BUAR | E24: ITCL | F24: ITGR | I24: =INDEX(Translation,MATCH("Delivery (days)",Tr_Index,0),MATCH(User_Language,Language,0)) -> Delivery (days) | J24: {=IF(Test="YES",IF(OR(AND(H30:H34<>"-"),AND(User_Mot="XX",I31:I34<>"Not available")),MAX(H30:H34),"Not available"),"")} -> 45
B25: =INDEX(Translation,MATCH("Classification",Tr_Index,0),MATCH(User_Language,Language,0)) -> Classification | D25: {=IF(Test="YES",INDEX(Flange_BUAR,MATCH(User_Techno&User_Disp&User_Mot,Flange_Techno&Flange_Disp&Flange_Motor,0)),"")} -> FGX | E25: {=IF(Test="YES",INDEX(Flange_ITCL,MATCH(User_Techno&User_Disp&User_Mot,Flange_Techno&Flange_Disp&Flange_Motor,0)),"")} -> F200 | F25: {=IF(Test="YES",INDEX(Flange_ITGR,MATCH(User_Techno&User_Disp&User_Mot,Flange_Techno&Flange_Disp&Flange_Motor,0)),"")} -> F4030310 | I25: =INDEX(Translation,MATCH("Datasheets",Tr_Index,0),MATCH(User_Language,Language,0)) -> Datasheets | J25: =IFERROR(HYPERLINK(SUBSTITUTE(CELL( "adresse",INDIRECT(ADDRESS( 1,1,1,1,INDEX(Motor_Datasheet,MATCH(User_Mot,Motor_Code,0)) )) ),"'",""), INDEX(Motor_Datasheet,MATCH(User_Mot,Motor_Code,0))&" Datasheet"),"Not available") -> Not available
B26: =INDEX(Translation,MATCH("Customs Code",Tr_Index,0),MATCH(User_Language,Language,0)) -> Customs Code | D26: =IF(Test="YES",INDEX(Motor_Custom,MATCH(User_Mot,Motor_Code,0)),"") -> 8413 8100 | J26: {=IFERROR(HYPERLINK(SUBSTITUTE(CELL( "adresse",INDIRECT(ADDRESS( 1,1,1,1,INDEX(Pump_Datasheet,MATCH(User_Techno&User_Disp,Pump_Techno&Pump_Disp,0)) )) ),"'",""), INDEX(Pump_Datasheet,MATCH(User_Techno&User_Disp,Pump_Techno&Pump_Disp,0))&" Datasheet"),"Not available")} -> Not available
B28: =INDEX(Translation,MATCH("Components",Tr_Index,0),MATCH(User_Language,Language,0)) -> Components
B29: =INDEX(Translation,MATCH("Ref",Tr_Index,0),MATCH(User_Language,Language,0)) -> Ref | C29: =INDEX(Translation,MATCH("Code",Tr_Index,0),MATCH(User_Language,Language,0)) -> Code | E29: =INDEX(Translation,MATCH("Check",Tr_Index,0),MATCH(User_Language,Language,0)) -> Check | F29: =INDEX(Translation,MATCH("Price Status",Tr_Index,0),MATCH(User_Language,Language,0)) -> Price Status | H29: =INDEX(Translation,MATCH("CB",Tr_Index,0),MATCH(User_Language,Language,0)) -> CB | I29: =INDEX(Translation,MATCH("Subs Price",Tr_Index,0),MATCH(User_Language,Language,0))&" ("&User_Currency&")" -> Subs Price (EUR) | J29: =INDEX(Translation,MATCH("Price List",Tr_Index,0),MATCH(User_Language,Language,0))&" ("&User_Currency&")" -> Price List (EUR)
B30: =INDEX(Translation,MATCH("Pump",Tr_Index,0),MATCH(User_Language,Language,0)) -> Pump | C30: {=IF(Test="YES",IFERROR(INDEX(Body_Code_Movex,MATCH(User_Techno&User_Disp&User_Mat&User_Foot,Body_Techno&Body_Disp&Body_Mat&Body_Foot,0)),"Do not exist"),"")} -> 1051760100/ | E30: =IF(AND(C30<>"Do not exist",F30<>"Obsolete"),"P","O") -> P | F30: =IFERROR(IF(C30<>"not used",IF(INDEX('Price&Delay'!$C:$C,MATCH(C30,'Price&Delay'!$A:$A,0))="","Not in MOVEX",IF(INDEX('Price&Delay'!$C:$C,MATCH(C30,'Price&Delay'!$A:$A,0))<>20,"Obsolete","Available")),"not used"),"Not on liste price") -> Available | H30: =IF(F30="Available",INDEX('Price&Delay'!$N:$N,MATCH('REXSON Pump configurator'!C30,'Price&Delay'!$A:$A,0)),IF(F30="not used",0,"-")) -> 45 | I30: =IF(F30="Available",ROUNDUP(INDEX('Price&Delay'!$H:$H,MATCH('REXSON Pump configurator'!C30,'Price&Delay'!$A:$A,0))*User_Coef,0),IF(F30="not used",0,"-")) -> 2026 | J30: =IF(F30="Available",ROUNDUP(INDEX('Price&Delay'!$I:$I,MATCH('REXSON Pump configurator'!C30,'Price&Delay'!$A:$A,0))*User_Coef,0),IF(F30="not used",0,"-")) -> 4502
B31: =INDEX(Translation,MATCH("Seals",Tr_Index,0),MATCH(User_Language,Language,0)) -> Seals | C31: {=IF(Test="YES",IFERROR(INDEX(Seal_Code_Movex,MATCH(User_Techno&User_Disp&User_Seal,Seal_Techno&Seal_Disp&Seal_Seal,0)),"Do not exist"),"")} -> 10632300/ | E31: =IF(AND(C31<>"Do not exist",F31<>"Obsolete"),"P","O") -> P | F31: =IFERROR(IF(C31<>"not used",IF(INDEX('Price&Delay'!$C:$C,MATCH(C31,'Price&Delay'!$A:$A,0))="","Not in MOVEX",IF(INDEX('Price&Delay'!$C:$C,MATCH(C31,'Price&Delay'!$A:$A,0))<>20,"Obsolete","Available")),"not used"),"Not on liste price") -> Available | H31: =IF(F31="Available",INDEX('Price&Delay'!$N:$N,MATCH('REXSON Pump configurator'!C31,'Price&Delay'!$A:$A,0)),IF(F31="not used",0,"-")) -> 5 | I31: =IF(F31="Available",ROUNDUP(INDEX('Price&Delay'!$H:$H,MATCH('REXSON Pump configurator'!C31,'Price&Delay'!$A:$A,0))*User_Coef,0),IF(F31="not used",0,"-")) -> 158 | J31: =IF(F31="Available",ROUNDUP(INDEX('Price&Delay'!$I:$I,MATCH('REXSON Pump configurator'!C31,'Price&Delay'!$A:$A,0))*User_Coef,0),IF(F31="not used",0,"-")) -> 351
B32: =INDEX(Translation,MATCH("Motor",Tr_Index,0),MATCH(User_Language,Language,0)) -> Motor | C32: {=IF(Test="YES",IFERROR(INDEX(Motor_Code_Movex,MATCH(User_Mot,Motor_Code,0)),"Do not exist"),"")} -> 846330000+ | E32: =IF(AND(C32<>"Do not exist",F32<>"Obsolete"),"P","O") -> P | F32: =IFERROR(IF(C32<>"not used",IF(INDEX('Price&Delay'!$C:$C,MATCH(C32,'Price&Delay'!$A:$A,0))="","Not in MOVEX",IF(INDEX('Price&Delay'!$C:$C,MATCH(C32,'Price&Delay'!$A:$A,0))<>20,"Obsolete","Available")),"not used"),"Not on liste price") -> Available | H32: =IF(F32="Available",INDEX('Price&Delay'!$N:$N,MATCH('REXSON Pump configurator'!C32,'Price&Delay'!$A:$A,0)),IF(F32="not used",0,"-")) -> 10 | I32: =IF(F32="Available",ROUNDUP(INDEX('Price&Delay'!$H:$H,MATCH('REXSON Pump configurator'!C32,'Price&Delay'!$A:$A,0))*User_Coef,0),IF(F32="not used",0,"-")) -> 1993 | J32: =IF(F32="Available",ROUNDUP(INDEX('Price&Delay'!$I:$I,MATCH('REXSON Pump configurator'!C32,'Price&Delay'!$A:$A,0))*User_Coef,0),IF(F32="not used",0,"-")) -> 4429
B33: =INDEX(Translation,MATCH("Flange",Tr_Index,0),MATCH(User_Language,Language,0)) -> Flange | C33: {=IF(Test="YES",IFERROR(INDEX(Flange_Code_Movex,MATCH(User_Techno&User_Disp&User_Mot,Flange_Techno&Flange_Disp&Flange_Motor,0)),"Do not exist"),"")} -> 844245493+ | E33: =IF(AND(C33<>"Do not exist",F33<>"Obsolete"),"P","O") -> P | F33: =IFERROR(IF(C33<>"not used",IF(INDEX('Price&Delay'!$C:$C,MATCH(C33,'Price&Delay'!$A:$A,0))="","Not in MOVEX",IF(INDEX('Price&Delay'!$C:$C,MATCH(C33,'Price&Delay'!$A:$A,0))<>20,"Obsolete","Available")),"not used"),"Not on liste price") -> Available | H33: =IF(F33="Available",INDEX('Price&Delay'!$N:$N,MATCH('REXSON Pump configurator'!C33,'Price&Delay'!$A:$A,0)),IF(F33="not used",0,"-")) -> 5 | I33: =IF(F33="Available",ROUNDUP(INDEX('Price&Delay'!$H:$H,MATCH('REXSON Pump configurator'!C33,'Price&Delay'!$A:$A,0))*User_Coef,0),IF(F33="not used",0,"-")) -> 262 | J33: =IF(F33="Available",ROUNDUP(INDEX('Price&Delay'!$I:$I,MATCH('REXSON Pump configurator'!C33,'Price&Delay'!$A:$A,0))*User_Coef,0),IF(F33="not used",0,"-")) -> 581
B34: =INDEX(Translation,MATCH("Sticker",Tr_Index,0),MATCH(User_Language,Language,0)) -> Sticker | C34: {=IF(Test="YES",IFERROR(INDEX(Flange_Sticker_Code_Movex,MATCH(User_Techno&User_Disp&User_Mot,Flange_Techno&Flange_Disp&Flange_Motor,0)),"Do not exist"),"")} -> 049020230+ | E34: =IF(AND(C34<>"Do not exist",F34<>"Obsolete"),"P","O") -> P | F34: =IFERROR(IF(C34<>"not used",IF(INDEX('Price&Delay'!$C:$C,MATCH(C34,'Price&Delay'!$A:$A,0))="","Not in MOVEX",IF(INDEX('Price&Delay'!$C:$C,MATCH(C34,'Price&Delay'!$A:$A,0))<>20,"Obsolete","Available")),"not used"),"Not on liste price") -> Available | H34: =IF(F34="Available",INDEX('Price&Delay'!$N:$N,MATCH('REXSON Pump configurator'!C34,'Price&Delay'!$A:$A,0)),IF(F34="not used",0,"-")) -> 5 | I34: =IF(F34="Available",ROUNDUP(INDEX('Price&Delay'!$H:$H,MATCH('REXSON Pump configurator'!C34,'Price&Delay'!$A:$A,0))*User_Coef,0),IF(F34="not used",0,"-")) -> 26 | J34: =IF(F34="Available",ROUNDUP(INDEX('Price&Delay'!$I:$I,MATCH('REXSON Pump configurator'!C34,'Price&Delay'!$A:$A,0))*User_Coef,0),IF(F34="not used",0,"-")) -> 58
B35: =INDEX(Translation,MATCH("Manual 1",Tr_Index,0),MATCH(User_Language,Language,0)) -> Manual 1 | C35: {=IF(Test="YES",IFERROR(INDEX(Flange_Manual,MATCH(User_Techno&User_Disp&User_Mot,Flange_Techno&Flange_Disp&Flange_Motor,0)),"Do not exist"),"")} -> 574150110+ | E35: =IF(C35<>"Do not exist","P","O") -> P | F35: =INDEX(Translation,MATCH("Assembly",Tr_Index,0),MATCH(User_Language,Language,0)) -> Assembly | I35: {=IF(Test="YES",INDEX(Pump_Assembly_Subs,MATCH(User_Techno&User_Disp,Pump_Techno&Pump_Disp,0))*User_Coef,"")} -> 219.5648 | J35: {=IF(Test="YES",INDEX(Pump_Assembly_Cust,MATCH(User_Techno&User_Disp,Pump_Techno&Pump_Disp,0))*User_Coef,"")} -> 487.92178
B36: =INDEX(Translation,MATCH("Manual 2",Tr_Index,0),MATCH(User_Language,Language,0)) -> Manual 2 | C36: {=IF(Test="YES",IFERROR(INDEX(Body_Manual,MATCH(User_Techno&User_Disp&User_Mat&User_Foot,Body_Techno&Body_Disp&Body_Mat&Body_Foot,0)),"Do not exist"),"")} -> 574233111+ | E36: =IF(C36<>"Do not exist","P","O") -> P | F36: =INDEX(Translation,MATCH("Packaging",Tr_Index,0),MATCH(User_Language,Language,0)) -> Packaging | I36: {=IF(Test="YES",INDEX(Pump_Package_Subs,MATCH(User_Techno&User_Disp,Pump_Techno&Pump_Disp,0))*User_Coef,"")} -> 94.0992 | J36: {=IF(Test="YES",INDEX(Pump_Package_Cust,MATCH(User_Techno&User_Disp,Pump_Techno&Pump_Disp,0))*User_Coef,"")} -> 209.10933
J37: V2.20 - 2026.09.08

Sheet Parameters
B1: List index | C1: Currency | D1: Currency conv | E1: Language
A2: Location | B2: 5 | C2: =INDEX(Country_Currency,B2) -> EUR | D2: =INDEX(Country_Coef,B2) -> 1 | E2: =INDEX(Country_Language,B2) -> GB
A4: Designation or configuration? | B4: 2
A5: Designation test | B5: Product Family | C5: Techno | D5: Disp | E5: Motor | F5: Mat | G5: Foot | H5: Seal | J5: {=INDEX( Flange_Techno, MATCH(User_Techno&User_Disp&E12,Flange_Techno&Flange_Disp&Flange_Motor,0)+1 ):INDEX(Flange_Techno,ROWS(Flange_Techno)) &INDEX( Flange_Disp, MATCH(User_Techno&User_Disp&E12,Flange_Techno&Flange_Disp&Flange_Motor,0)+1 ):INDEX(Flange_Disp,ROWS(Flange_Disp))} -> 2B0588
A6: {=IF(OR(B6:H6="ERROR"),"NOT VALIDE","VALIDE")} -> VALIDE | B6: =IF(LEFT(Designation,3)="REX","REX","ERROR") -> REX | C6: =IFERROR(INDEX(Techno_Code,MATCH(MID(Designation,4,2),Techno_Code,0)),"ERROR") -> 2B | D6: =IFERROR(INDEX(Disp_Code,MATCH(MID(Designation,6,4),Disp_Code,0)),"ERROR") -> 0588 | E6: =IFERROR(INDEX(Motor_Code,MATCH(MID(Designation,11,2),Motor_Code,0)),"ERROR") -> 70 | F6: =IFERROR(INDEX(Mat_Code,MATCH(MID(Designation,14,2),Mat_Code,0)),"ERROR") -> CS | G6: =IFERROR(INDEX(Foot_Code,MATCH(MID(Designation,17,2),Foot_Code,0)),"ERROR") -> WM | H6: =IFERROR(INDEX(Seal_Code,MATCH(MID(Designation,20,2),Seal_Code,0)),"ERROR") -> 03
A8: Techno | C8: Displacement | E8: Motor | G8: Material | I8: Foot | K8: Seal
A9: Choice | B9: 2 | C9: Choice | D9: 8 | E9: Choice | F9: 3 | G9: Choice | H9: 1 | I9: Choice | J9: 2 | K9: Choice | L9: 2
A10: Code | B10: Descr | C10: Code | D10: Descr | E10: Code | F10: Descr | G10: Code | H10: Descr | I10: Code | J10: Descr | K10: Code | L10: Descr
A11: =Dictionnary!A3 -> 2B | B11: =Dictionnary!C3 -> HV 2-Ball Pumps | C11: =IFERROR(INDEX(Pump_Disp,MATCH(User_Techno,Pump_Techno,0),0),"") -> 0079 | D11: {=IFERROR(INDEX(Pump_Description,MATCH(User_Techno&C11,Pump_Techno&Pump_Disp,0)),"")} -> 79 cc | E11: {=IFERROR(INDEX(Flange_Motor,MATCH(User_Techno&User_Disp,Flange_Techno&Flange_Disp,0),0),"")} -> XX | F11: =IFERROR(INDEX(Motor_Descr, MATCH(E11,Motor_Code,0)),"") -> No Motor | G11: {=IFERROR(INDEX(Mat_Mat,MATCH(User_Techno&User_Disp,Mat_Techno&Mat_Disp,0),0),"")} -> CS | H11: =IFERROR(INDEX(Mat_Descr, MATCH(G11,Mat_Code,0)),"") -> Mixed Steels | I11: {=IFERROR(INDEX(Body_Foot,MATCH(User_Techno&User_Disp&User_Mat,Body_Techno&Body_Disp&Body_Mat,0),0),"")} -> WM | J11: {=IFERROR(INDEX(Body_Foot_Descr,MATCH(User_Techno&User_Disp&User_Mat,Body_Techno&Body_Disp&Body_Mat,0),0),"")} -> wall mounted (F BSPP 1''1/2 & M 105x2) | K11: {=IFERROR(INDEX(Seal_Seal,MATCH(User_Techno&User_Disp,Seal_Techno&Seal_Disp,0),0),"")} -> 01 | L11: {=IFERROR(INDEX(Seal_Descr,MATCH(User_Techno&User_Disp,Seal_Techno&Seal_Disp,0),0),"")} -> PTFE (FKM)
A12: =Dictionnary!A4 -> SH | B12: =Dictionnary!C4 -> HV Shovel Pumps | C12: {=IFERROR(INDEX(Pump_Disp,MATCH(User_Techno,INDEX(Pump_Techno,MATCH(User_Techno&C11,Pump_Techno&Pump_Disp,0)+1):INDEX(Pump_Techno,ROWS(Pump_Techno)),0)+MATCH(User_Techno&C11,Pump_Techno&Pump_Disp,0),0),"")} -> 0124 | D12: {=IFERROR(INDEX(Pump_Description,MATCH(User_Techno&C12,Pump_Techno&Pump_Disp,0)),"")} -> 124 cc | E12: {=IFERROR( INDEX(Flange_Motor, MATCH( User_Techno&User_Disp, INDEX( Flange_Techno, MATCH(User_Techno&User_Disp&E11,Flange_Techno&Flange_Disp&Flange_Motor,0)+1 ):INDEX(Flange_Techno,ROWS(Flange_Techno)) &INDEX( Flange_Disp, MATCH(User_Techno&User_Disp&E11,Flange_Techno&Flange_Disp&Flange_Motor,0)+1 ):INDEX(Flange_Disp,ROWS(Flange_Disp)),0) +MATCH(User_Techno&User_Disp&E11,Flange_Techno&Flange_Disp&Flange_Motor,0)), "")} -> 60 | F12: =IFERROR(INDEX(Motor_Descr, MATCH(E12,Motor_Code,0)),"") -> Motor 6000 | G12: {=IFERROR( INDEX(Mat_Mat, MATCH( User_Techno&User_Disp, INDEX( Mat_Techno, MATCH(User_Techno&User_Disp&G11,Mat_Techno&Mat_Disp&Mat_Mat,0)+1 ):INDEX(Mat_Techno,ROWS(Mat_Techno)) &INDEX( Mat_Disp, MATCH(User_Techno&User_Disp&G11,Mat_Techno&Mat_Disp&Mat_Mat,0)+1 ):INDEX(Mat_Disp,ROWS(Mat_Disp)),0) +MATCH(User_Techno&User_Disp&G11,Mat_Techno&Mat_Disp&Mat_Mat,0)), "")} -> SS | H12: =IFERROR(INDEX(Mat_Descr, MATCH(G12,Mat_Code,0)),"") -> Stainless Steel | I12: {=IFERROR( INDEX(Body_Foot, MATCH( User_Techno&User_Disp&User_Mat, INDEX( Body_Techno, MATCH(User_Techno&User_Disp&User_Mat&I11,Body_Techno&Body_Disp&Body_Mat&Body_Foot,0)+1 ):INDEX(Body_Techno,ROWS(Body_Techno)) &INDEX( Body_Disp, MATCH(User_Techno&User_Disp&User_Mat&I11,Body_Techno&Body_Disp&Body_Mat&Body_Foot,0)+1 ):INDEX(Body_Disp,ROWS(Body_Disp)) &INDEX( Body_Mat, MATCH(User_Techno&User_Disp&User_Mat&I11,Body_Techno&Body_Disp&Body_Mat&Body_Foot,0)+1 ):INDEX(Body_Mat,ROWS(Body_Mat)),0) +MATCH(User_Techno&User_Disp&User_Mat&I11,Body_Techno&Body_Disp&Body_Mat&Body_Foot,0)), "")} -> FP | J12: {=IFERROR( INDEX(Body_Foot_Descr, MATCH( User_Techno&User_Disp&User_Mat, INDEX( Body_Techno, MATCH(User_Techno&User_Disp&User_Mat&I11,Body_Techno&Body_Disp&Body_Mat&Body_Foot,0)+1 ):INDEX(Body_Techno,ROWS(Body_Techno)) &INDEX( Body_Disp, MATCH(User_Techno&User_Disp&User_Mat&I11,Body_Techno&Body_Disp&Body_Mat&Body_Foot,0)+1 ):INDEX(Body_Disp,ROWS(Body_Disp)) &INDEX( Body_Mat, MATCH(User_Techno&User_Disp&User_Mat&I11,Body_Techno&Body_Disp&Body_Mat&Body_Foot,0)+1 ):INDEX(Body_Mat,ROWS(Body_Mat)),0) +MATCH(User_Techno&User_Disp&User_Mat&I11,Body_Techno&Body_Disp&Body_Mat&Body_Foot,0)), "")} -> follower plate Ø105 | K12: {=IFERROR( INDEX(Seal_Seal, MATCH( User_Techno&User_Disp, INDEX( Seal_Techno, MATCH(User_Techno&User_Disp&K11,Seal_Techno&Seal_Disp&Seal_Seal,0)+1 ):INDEX(Seal_Techno,ROWS(Seal_Techno)) &INDEX( Seal_Disp, MATCH(User_Techno&User_Disp&K11,Seal_Techno&Seal_Disp&Seal_Seal,0)+1 ):INDEX(Seal_Disp,ROWS(Seal_Disp)),0) +MATCH(User_Techno&User_Disp&K11,Seal_Techno&Seal_Disp&Seal_Seal,0)), "")} -> 02 | L12: {=IFERROR( INDEX(Seal_Descr, MATCH( User_Techno&User_Disp, INDEX( Seal_Techno, MATCH(User_Techno&User_Disp&K11,Seal_Techno&Seal_Disp&Seal_Seal,0)+1 ):INDEX(Seal_Techno,ROWS(Seal_Techno)) &INDEX( Seal_Disp, MATCH(User_Techno&User_Disp&K11,Seal_Techno&Seal_Disp&Seal_Seal,0)+1 ):INDEX(Seal_Disp,ROWS(Seal_Disp)),0) +MATCH(User_Techno&User_Disp&K11,Seal_Techno&Seal_Disp&Seal_Seal,0)), "")} -> PTFE (FEP)
A13: =Dictionnary!A5 -> 4B | B13: =Dictionnary!C5 -> HV & Low Pressure 4-Ball Pumps | C13: {=IFERROR(INDEX(Pump_Disp,MATCH(User_Techno,INDEX(Pump_Techno,MATCH(User_Techno&C12,Pump_Techno&Pump_Disp,0)+1):INDEX(Pump_Techno,ROWS(Pump_Techno)),0)+MATCH(User_Techno&C12,Pump_Techno&Pump_Disp,0),0),"")} -> 0225 | D13: {=IFERROR(INDEX(Pump_Description,MATCH(User_Techno&C13,Pump_Techno&Pump_Disp,0)),"")} -> 225 cc | E13: {=IFERROR( INDEX(Flange_Motor, MATCH( User_Techno&User_Disp, INDEX( Flange_Techno, MATCH(User_Techno&User_Disp&E12,Flange_Techno&Flange_Disp&Flange_Motor,0)+1 ):INDEX(Flange_Techno,ROWS(Flange_Techno)) &INDEX( Flange_Disp, MATCH(User_Techno&User_Disp&E12,Flange_Techno&Flange_Disp&Flange_Motor,0)+1 ):INDEX(Flange_Disp,ROWS(Flange_Disp)),0) +MATCH(User_Techno&User_Disp&E12,Flange_Techno&Flange_Disp&Flange_Motor,0)), "")} -> 70 | F13: =IFERROR(INDEX(Motor_Descr, MATCH(E13,Motor_Code,0)),"") -> Motor 7000 | G13: {=IFERROR( INDEX(Mat_Mat, MATCH( User_Techno&User_Disp, INDEX( Mat_Techno, MATCH(User_Techno&User_Disp&G12,Mat_Techno&Mat_Disp&Mat_Mat,0)+1 ):INDEX(Mat_Techno,ROWS(Mat_Techno)) &INDEX( Mat_Disp, MATCH(User_Techno&User_Disp&G12,Mat_Techno&Mat_Disp&Mat_Mat,0)+1 ):INDEX(Mat_Disp,ROWS(Mat_Disp)),0) +MATCH(User_Techno&User_Disp&G12,Mat_Techno&Mat_Disp&Mat_Mat,0)), "")} -> CC | H13: =IFERROR(INDEX(Mat_Descr, MATCH(G13,Mat_Code,0)),"") -> Mixed steels + Carbide Valves | I13: {=IFERROR( INDEX(Body_Foot, MATCH( User_Techno&User_Disp&User_Mat, INDEX( Body_Techno, MATCH(User_Techno&User_Disp&User_Mat&I12,Body_Techno&Body_Disp&Body_Mat&Body_Foot,0)+1 ):INDEX(Body_Techno,ROWS(Body_Techno)) &INDEX( Body_Disp, MATCH(User_Techno&User_Disp&User_Mat&I12,Body_Techno&Body_Disp&Body_Mat&Body_Foot,0)+1 ):INDEX(Body_Disp,ROWS(Body_Disp)) &INDEX( Body_Mat, MATCH(User_Techno&User_Disp&User_Mat&I12,Body_Techno&Body_Disp&Body_Mat&Body_Foot,0)+1 ):INDEX(Body_Mat,ROWS(Body_Mat)),0) +MATCH(User_Techno&User_Disp&User_Mat&I12,Body_Techno&Body_Disp&Body_Mat&Body_Foot,0)), "")} | J13: {=IFERROR( INDEX(Body_Foot_Descr, MATCH( User_Techno&User_Disp&User_Mat, INDEX( Body_Techno, MATCH(User_Techno&User_Disp&User_Mat&I12,Body_Techno&Body_Disp&Body_Mat&Body_Foot,0)+1 ):INDEX(Body_Techno,ROWS(Body_Techno)) &INDEX( Body_Disp, MATCH(User_Techno&User_Disp&User_Mat&I12,Body_Techno&Body_Disp&Body_Mat&Body_Foot,0)+1 ):INDEX(Body_Disp,ROWS(Body_Disp)) &INDEX( Body_Mat, MATCH(User_Techno&User_Disp&User_Mat&I12,Body_Techno&Body_Disp&Body_Mat&Body_Foot,0)+1 ):INDEX(Body_Mat,ROWS(Body_Mat)),0) +MATCH(User_Techno&User_Disp&User_Mat&I12,Body_Techno&Body_Disp&Body_Mat&Body_Foot,0)), "")} | K13: {=IFERROR( INDEX(Seal_Seal, MATCH( User_Techno&User_Disp, INDEX( Seal_Techno, MATCH(User_Techno&User_Disp&K12,Seal_Techno&Seal_Disp&Seal_Seal,0)+1 ):INDEX(Seal_Techno,ROWS(Seal_Techno)) &INDEX( Seal_Disp, MATCH(User_Techno&User_Disp&K12,Seal_Techno&Seal_Disp&Seal_Seal,0)+1 ):INDEX(Seal_Disp,ROWS(Seal_Disp)),0) +MATCH(User_Techno&User_Disp&K12,Seal_Techno&Seal_Disp&Seal_Seal,0)), "")} -> 03 | L13: {=IFERROR( INDEX(Seal_Descr, MATCH( User_Techno&User_Disp, INDEX( Seal_Techno, MATCH(User_Techno&User_Disp&K12,Seal_Techno&Seal_Disp&Seal_Seal,0)+1 ):INDEX(Seal_Techno,ROWS(Seal_Techno)) &INDEX( Seal_Disp, MATCH(User_Techno&User_Disp&K12,Seal_Techno&Seal_Disp&Seal_Seal,0)+1 ):INDEX(Seal_Disp,ROWS(Seal_Disp)),0) +MATCH(User_Techno&User_Disp&K12,Seal_Techno&Seal_Disp&Seal_Seal,0)), "")} -> PTFE/PE (FKM)
C14: {=IFERROR(INDEX(Pump_Disp,MATCH(User_Techno,INDEX(Pump_Techno,MATCH(User_Techno&C13,Pump_Techno&Pump_Disp,0)+1):INDEX(Pump_Techno,ROWS(Pump_Techno)),0)+MATCH(User_Techno&C13,Pump_Techno&Pump_Disp,0),0),"")} -> 0227 | D14: {=IFERROR(INDEX(Pump_Description,MATCH(User_Techno&C14,Pump_Techno&Pump_Disp,0)),"")} -> 227 cc | E14: {=IFERROR( INDEX(Flange_Motor, MATCH( User_Techno&User_Disp, INDEX( Flange_Techno, MATCH(User_Techno&User_Disp&E13,Flange_Techno&Flange_Disp&Flange_Motor,0)+1 ):INDEX(Flange_Techno,ROWS(Flange_Techno)) &INDEX( Flange_Disp, MATCH(User_Techno&User_Disp&E13,Flange_Techno&Flange_Disp&Flange_Motor,0)+1 ):INDEX(Flange_Disp,ROWS(Flange_Disp)),0) +MATCH(User_Techno&User_Disp&E13,Flange_Techno&Flange_Disp&Flange_Motor,0)), "")} -> 90 | F14: =IFERROR(INDEX(Motor_Descr, MATCH(E14,Motor_Code,0)),"") -> Motor 9000 | G14: {=IFERROR( INDEX(Mat_Mat, MATCH( User_Techno&User_Disp, INDEX( Mat_Techno, MATCH(User_Techno&User_Disp&G13,Mat_Techno&Mat_Disp&Mat_Mat,0)+1 ):INDEX(Mat_Techno,ROWS(Mat_Techno)) &INDEX( Mat_Disp, MATCH(User_Techno&User_Disp&G13,Mat_Techno&Mat_Disp&Mat_Mat,0)+1 ):INDEX(Mat_Disp,ROWS(Mat_Disp)),0) +MATCH(User_Techno&User_Disp&G13,Mat_Techno&Mat_Disp&Mat_Mat,0)), "")} -> SC | H14: =IFERROR(INDEX(Mat_Descr, MATCH(G14,Mat_Code,0)),"") -> Stainless steel + Carbide Valves | I14: {=IFERROR( INDEX(Body_Foot, MATCH( User_Techno&User_Disp&User_Mat, INDEX( Body_Techno, MATCH(User_Techno&User_Disp&User_Mat&I13,Body_Techno&Body_Disp&Body_Mat&Body_Foot,0)+1 ):INDEX(Body_Techno,ROWS(Body_Techno)) &INDEX( Body_Disp, MATCH(User_Techno&User_Disp&User_Mat&I13,Body_Techno&Body_Disp&Body_Mat&Body_Foot,0)+1 ):INDEX(Body_Disp,ROWS(Body_Disp)) &INDEX( Body_Mat, MATCH(User_Techno&User_Disp&User_Mat&I13,Body_Techno&Body_Disp&Body_Mat&Body_Foot,0)+1 ):INDEX(Body_Mat,ROWS(Body_Mat)),0) +MATCH(User_Techno&User_Disp&User_Mat&I13,Body_Techno&Body_Disp&Body_Mat&Body_Foot,0)), "")} | J14: {=IFERROR( INDEX(Body_Foot_Descr, MATCH( User_Techno&User_Disp&User_Mat, INDEX( Body_Techno, MATCH(User_Techno&User_Disp&User_Mat&I13,Body_Techno&Body_Disp&Body_Mat&Body_Foot,0)+1 ):INDEX(Body_Techno,ROWS(Body_Techno)) &INDEX( Body_Disp, MATCH(User_Techno&User_Disp&User_Mat&I13,Body_Techno&Body_Disp&Body_Mat&Body_Foot,0)+1 ):INDEX(Body_Disp,ROWS(Body_Disp)) &INDEX( Body_Mat, MATCH(User_Techno&User_Disp&User_Mat&I13,Body_Techno&Body_Disp&Body_Mat&Body_Foot,0)+1 ):INDEX(Body_Mat,ROWS(Body_Mat)),0) +MATCH(User_Techno&User_Disp&User_Mat&I13,Body_Techno&Body_Disp&Body_Mat&Body_Foot,0)), "")} | K14: {=IFERROR( INDEX(Seal_Seal, MATCH( User_Techno&User_Disp, INDEX( Seal_Techno, MATCH(User_Techno&User_Disp&K13,Seal_Techno&Seal_Disp&Seal_Seal,0)+1 ):INDEX(Seal_Techno,ROWS(Seal_Techno)) &INDEX( Seal_Disp, MATCH(User_Techno&User_Disp&K13,Seal_Techno&Seal_Disp&Seal_Seal,0)+1 ):INDEX(Seal_Disp,ROWS(Seal_Disp)),0) +MATCH(User_Techno&User_Disp&K13,Seal_Techno&Seal_Disp&Seal_Seal,0)), "")} -> 04 | L14: {=IFERROR( INDEX(Seal_Descr, MATCH( User_Techno&User_Disp, INDEX( Seal_Techno, MATCH(User_Techno&User_Disp&K13,Seal_Techno&Seal_Disp&Seal_Seal,0)+1 ):INDEX(Seal_Techno,ROWS(Seal_Techno)) &INDEX( Seal_Disp, MATCH(User_Techno&User_Disp&K13,Seal_Techno&Seal_Disp&Seal_Seal,0)+1 ):INDEX(Seal_Disp,ROWS(Seal_Disp)),0) +MATCH(User_Techno&User_Disp&K13,Seal_Techno&Seal_Disp&Seal_Seal,0)), "")} -> Leather (FKM)
C15: {=IFERROR(INDEX(Pump_Disp,MATCH(User_Techno,INDEX(Pump_Techno,MATCH(User_Techno&C14,Pump_Techno&Pump_Disp,0)+1):INDEX(Pump_Techno,ROWS(Pump_Techno)),0)+MATCH(User_Techno&C14,Pump_Techno&Pump_Disp,0),0),"")} -> 0360 | D15: {=IFERROR(INDEX(Pump_Description,MATCH(User_Techno&C15,Pump_Techno&Pump_Disp,0)),"")} -> 360 cc | E15: {=IFERROR( INDEX(Flange_Motor, MATCH( User_Techno&User_Disp, INDEX( Flange_Techno, MATCH(User_Techno&User_Disp&E14,Flange_Techno&Flange_Disp&Flange_Motor,0)+1 ):INDEX(Flange_Techno,ROWS(Flange_Techno)) &INDEX( Flange_Disp, MATCH(User_Techno&User_Disp&E14,Flange_Techno&Flange_Disp&Flange_Motor,0)+1 ):INDEX(Flange_Disp,ROWS(Flange_Disp)),0) +MATCH(User_Techno&User_Disp&E14,Flange_Techno&Flange_Disp&Flange_Motor,0)), "")} | F15: =IFERROR(INDEX(Motor_Descr, MATCH(E15,Motor_Code,0)),"") | G15: {=IFERROR( INDEX(Mat_Mat, MATCH( User_Techno&User_Disp, INDEX( Mat_Techno, MATCH(User_Techno&User_Disp&G14,Mat_Techno&Mat_Disp&Mat_Mat,0)+1 ):INDEX(Mat_Techno,ROWS(Mat_Techno)) &INDEX( Mat_Disp, MATCH(User_Techno&User_Disp&G14,Mat_Techno&Mat_Disp&Mat_Mat,0)+1 ):INDEX(Mat_Disp,ROWS(Mat_Disp)),0) +MATCH(User_Techno&User_Disp&G14,Mat_Techno&Mat_Disp&Mat_Mat,0)), "")} | H15: =IFERROR(INDEX(Mat_Descr, MATCH(G15,Mat_Code,0)),"") | I15: {=IFERROR( INDEX(Body_Foot, MATCH( User_Techno&User_Disp&User_Mat, INDEX( Body_Techno, MATCH(User_Techno&User_Disp&User_Mat&I14,Body_Techno&Body_Disp&Body_Mat&Body_Foot,0)+1 ):INDEX(Body_Techno,ROWS(Body_Techno)) &INDEX( Body_Disp, MATCH(User_Techno&User_Disp&User_Mat&I14,Body_Techno&Body_Disp&Body_Mat&Body_Foot,0)+1 ):INDEX(Body_Disp,ROWS(Body_Disp)) &INDEX( Body_Mat, MATCH(User_Techno&User_Disp&User_Mat&I14,Body_Techno&Body_Disp&Body_Mat&Body_Foot,0)+1 ):INDEX(Body_Mat,ROWS(Body_Mat)),0) +MATCH(User_Techno&User_Disp&User_Mat&I14,Body_Techno&Body_Disp&Body_Mat&Body_Foot,0)), "")} | J15: {=IFERROR( INDEX(Body_Foot_Descr, MATCH( User_Techno&User_Disp&User_Mat, INDEX( Body_Techno, MATCH(User_Techno&User_Disp&User_Mat&I14,Body_Techno&Body_Disp&Body_Mat&Body_Foot,0)+1 ):INDEX(Body_Techno,ROWS(Body_Techno)) &INDEX( Body_Disp, MATCH(User_Techno&User_Disp&User_Mat&I14,Body_Techno&Body_Disp&Body_Mat&Body_Foot,0)+1 ):INDEX(Body_Disp,ROWS(Body_Disp)) &INDEX( Body_Mat, MATCH(User_Techno&User_Disp&User_Mat&I14,Body_Techno&Body_Disp&Body_Mat&Body_Foot,0)+1 ):INDEX(Body_Mat,ROWS(Body_Mat)),0) +MATCH(User_Techno&User_Disp&User_Mat&I14,Body_Techno&Body_Disp&Body_Mat&Body_Foot,0)), "")} | K15: {=IFERROR( INDEX(Seal_Seal, MATCH( User_Techno&User_Disp, INDEX( Seal_Techno, MATCH(User_Techno&User_Disp&K14,Seal_Techno&Seal_Disp&Seal_Seal,0)+1 ):INDEX(Seal_Techno,ROWS(Seal_Techno)) &INDEX( Seal_Disp, MATCH(User_Techno&User_Disp&K14,Seal_Techno&Seal_Disp&Seal_Seal,0)+1 ):INDEX(Seal_Disp,ROWS(Seal_Disp)),0) +MATCH(User_Techno&User_Disp&K14,Seal_Techno&Seal_Disp&Seal_Seal,0)), "")} -> 05 | L15: {=IFERROR( INDEX(Seal_Descr, MATCH( User_Techno&User_Disp, INDEX( Seal_Techno, MATCH(User_Techno&User_Disp&K14,Seal_Techno&Seal_Disp&Seal_Seal,0)+1 ):INDEX(Seal_Techno,ROWS(Seal_Techno)) &INDEX( Seal_Disp, MATCH(User_Techno&User_Disp&K14,Seal_Techno&Seal_Disp&Seal_Seal,0)+1 ):INDEX(Seal_Disp,ROWS(Seal_Disp)),0) +MATCH(User_Techno&User_Disp&K14,Seal_Techno&Seal_Disp&Seal_Seal,0)), "")} -> PTFEG (FKM)
C16: {=IFERROR(INDEX(Pump_Disp,MATCH(User_Techno,INDEX(Pump_Techno,MATCH(User_Techno&C15,Pump_Techno&Pump_Disp,0)+1):INDEX(Pump_Techno,ROWS(Pump_Techno)),0)+MATCH(User_Techno&C15,Pump_Techno&Pump_Disp,0),0),"")} -> 0453 | D16: {=IFERROR(INDEX(Pump_Description,MATCH(User_Techno&C16,Pump_Techno&Pump_Disp,0)),"")} -> 453 cc | E16: {=IFERROR( INDEX(Flange_Motor, MATCH( User_Techno&User_Disp, INDEX( Flange_Techno, MATCH(User_Techno&User_Disp&E15,Flange_Techno&Flange_Disp&Flange_Motor,0)+1 ):INDEX(Flange_Techno,ROWS(Flange_Techno)) &INDEX( Flange_Disp, MATCH(User_Techno&User_Disp&E15,Flange_Techno&Flange_Disp&Flange_Motor,0)+1 ):INDEX(Flange_Disp,ROWS(Flange_Disp)),0) +MATCH(User_Techno&User_Disp&E15,Flange_Techno&Flange_Disp&Flange_Motor,0)), "")} | F16: =IFERROR(INDEX(Motor_Descr, MATCH(E16,Motor_Code,0)),"") | G16: {=IFERROR( INDEX(Mat_Mat, MATCH( User_Techno&User_Disp, INDEX( Mat_Techno, MATCH(User_Techno&User_Disp&G15,Mat_Techno&Mat_Disp&Mat_Mat,0)+1 ):INDEX(Mat_Techno,ROWS(Mat_Techno)) &INDEX( Mat_Disp, MATCH(User_Techno&User_Disp&G15,Mat_Techno&Mat_Disp&Mat_Mat,0)+1 ):INDEX(Mat_Disp,ROWS(Mat_Disp)),0) +MATCH(User_Techno&User_Disp&G15,Mat_Techno&Mat_Disp&Mat_Mat,0)), "")} | H16: =IFERROR(INDEX(Mat_Descr, MATCH(G16,Mat_Code,0)),"") | I16: {=IFERROR( INDEX(Body_Foot, MATCH( User_Techno&User_Disp&User_Mat, INDEX( Body_Techno, MATCH(User_Techno&User_Disp&User_Mat&I15,Body_Techno&Body_Disp&Body_Mat&Body_Foot,0)+1 ):INDEX(Body_Techno,ROWS(Body_Techno)) &INDEX( Body_Disp, MATCH(User_Techno&User_Disp&User_Mat&I15,Body_Techno&Body_Disp&Body_Mat&Body_Foot,0)+1 ):INDEX(Body_Disp,ROWS(Body_Disp)) &INDEX( Body_Mat, MATCH(User_Techno&User_Disp&User_Mat&I15,Body_Techno&Body_Disp&Body_Mat&Body_Foot,0)+1 ):INDEX(Body_Mat,ROWS(Body_Mat)),0) +MATCH(User_Techno&User_Disp&User_Mat&I15,Body_Techno&Body_Disp&Body_Mat&Body_Foot,0)), "")} | J16: {=IFERROR( INDEX(Body_Foot_Descr, MATCH( User_Techno&User_Disp&User_Mat, INDEX( Body_Techno, MATCH(User_Techno&User_Disp&User_Mat&I15,Body_Techno&Body_Disp&Body_Mat&Body_Foot,0)+1 ):INDEX(Body_Techno,ROWS(Body_Techno)) &INDEX( Body_Disp, MATCH(User_Techno&User_Disp&User_Mat&I15,Body_Techno&Body_Disp&Body_Mat&Body_Foot,0)+1 ):INDEX(Body_Disp,ROWS(Body_Disp)) &INDEX( Body_Mat, MATCH(User_Techno&User_Disp&User_Mat&I15,Body_Techno&Body_Disp&Body_Mat&Body_Foot,0)+1 ):INDEX(Body_Mat,ROWS(Body_Mat)),0) +MATCH(User_Techno&User_Disp&User_Mat&I15,Body_Techno&Body_Disp&Body_Mat&Body_Foot,0)), "")} | K16: {=IFERROR( INDEX(Seal_Seal, MATCH( User_Techno&User_Disp, INDEX( Seal_Techno, MATCH(User_Techno&User_Disp&K15,Seal_Techno&Seal_Disp&Seal_Seal,0)+1 ):INDEX(Seal_Techno,ROWS(Seal_Techno)) &INDEX( Seal_Disp, MATCH(User_Techno&User_Disp&K15,Seal_Techno&Seal_Disp&Seal_Seal,0)+1 ):INDEX(Seal_Disp,ROWS(Seal_Disp)),0) +MATCH(User_Techno&User_Disp&K15,Seal_Techno&Seal_Disp&Seal_Seal,0)), "")} -> 06 | L16: {=IFERROR( INDEX(Seal_Descr, MATCH( User_Techno&User_Disp, INDEX( Seal_Techno, MATCH(User_Techno&User_Disp&K15,Seal_Techno&Seal_Disp&Seal_Seal,0)+1 ):INDEX(Seal_Techno,ROWS(Seal_Techno)) &INDEX( Seal_Disp, MATCH(User_Techno&User_Disp&K15,Seal_Techno&Seal_Disp&Seal_Seal,0)+1 ):INDEX(Seal_Disp,ROWS(Seal_Disp)),0) +MATCH(User_Techno&User_Disp&K15,Seal_Techno&Seal_Disp&Seal_Seal,0)), "")} -> PU (FKM)
C17: {=IFERROR(INDEX(Pump_Disp,MATCH(User_Techno,INDEX(Pump_Techno,MATCH(User_Techno&C16,Pump_Techno&Pump_Disp,0)+1):INDEX(Pump_Techno,ROWS(Pump_Techno)),0)+MATCH(User_Techno&C16,Pump_Techno&Pump_Disp,0),0),"")} -> 0588 | D17: {=IFERROR(INDEX(Pump_Description,MATCH(User_Techno&C17,Pump_Techno&Pump_Disp,0)),"")} -> 588 cc | E17: {=IFERROR( INDEX(Flange_Motor, MATCH( User_Techno&User_Disp, INDEX( Flange_Techno, MATCH(User_Techno&User_Disp&E16,Flange_Techno&Flange_Disp&Flange_Motor,0)+1 ):INDEX(Flange_Techno,ROWS(Flange_Techno)) &INDEX( Flange_Disp, MATCH(User_Techno&User_Disp&E16,Flange_Techno&Flange_Disp&Flange_Motor,0)+1 ):INDEX(Flange_Disp,ROWS(Flange_Disp)),0) +MATCH(User_Techno&User_Disp&E16,Flange_Techno&Flange_Disp&Flange_Motor,0)), "")} | F17: =IFERROR(INDEX(Motor_Descr, MATCH(E17,Motor_Code,0)),"") | G17: {=IFERROR( INDEX(Mat_Mat, MATCH( User_Techno&User_Disp, INDEX( Mat_Techno, MATCH(User_Techno&User_Disp&G16,Mat_Techno&Mat_Disp&Mat_Mat,0)+1 ):INDEX(Mat_Techno,ROWS(Mat_Techno)) &INDEX( Mat_Disp, MATCH(User_Techno&User_Disp&G16,Mat_Techno&Mat_Disp&Mat_Mat,0)+1 ):INDEX(Mat_Disp,ROWS(Mat_Disp)),0) +MATCH(User_Techno&User_Disp&G16,Mat_Techno&Mat_Disp&Mat_Mat,0)), "")} | K17: {=IFERROR( INDEX(Seal_Seal, MATCH( User_Techno&User_Disp, INDEX( Seal_Techno, MATCH(User_Techno&User_Disp&K16,Seal_Techno&Seal_Disp&Seal_Seal,0)+1 ):INDEX(Seal_Techno,ROWS(Seal_Techno)) &INDEX( Seal_Disp, MATCH(User_Techno&User_Disp&K16,Seal_Techno&Seal_Disp&Seal_Seal,0)+1 ):INDEX(Seal_Disp,ROWS(Seal_Disp)),0) +MATCH(User_Techno&User_Disp&K16,Seal_Techno&Seal_Disp&Seal_Seal,0)), "")} -> 07 | L17: {=IFERROR( INDEX(Seal_Descr, MATCH( User_Techno&User_Disp, INDEX( Seal_Techno, MATCH(User_Techno&User_Disp&K16,Seal_Techno&Seal_Disp&Seal_Seal,0)+1 ):INDEX(Seal_Techno,ROWS(Seal_Techno)) &INDEX( Seal_Disp, MATCH(User_Techno&User_Disp&K16,Seal_Techno&Seal_Disp&Seal_Seal,0)+1 ):INDEX(Seal_Disp,ROWS(Seal_Disp)),0) +MATCH(User_Techno&User_Disp&K16,Seal_Techno&Seal_Disp&Seal_Seal,0)), "")} -> PU/PTFEV (FKM)
C18: {=IFERROR(INDEX(Pump_Disp,MATCH(User_Techno,INDEX(Pump_Techno,MATCH(User_Techno&C17,Pump_Techno&Pump_Disp,0)+1):INDEX(Pump_Techno,ROWS(Pump_Techno)),0)+MATCH(User_Techno&C17,Pump_Techno&Pump_Disp,0),0),"")} -> 0750 | D18: {=IFERROR(INDEX(Pump_Description,MATCH(User_Techno&C18,Pump_Techno&Pump_Disp,0)),"")} -> 750 cc | E18: {=IFERROR( INDEX(Flange_Motor, MATCH( User_Techno&User_Disp, INDEX( Flange_Techno, MATCH(User_Techno&User_Disp&E17,Flange_Techno&Flange_Disp&Flange_Motor,0)+1 ):INDEX(Flange_Techno,ROWS(Flange_Techno)) &INDEX( Flange_Disp, MATCH(User_Techno&User_Disp&E17,Flange_Techno&Flange_Disp&Flange_Motor,0)+1 ):INDEX(Flange_Disp,ROWS(Flange_Disp)),0) +MATCH(User_Techno&User_Disp&E17,Flange_Techno&Flange_Disp&Flange_Motor,0)), "")} | F18: =IFERROR(INDEX(Motor_Descr, MATCH(E18,Motor_Code,0)),"") | G18: {=IFERROR( INDEX(Mat_Mat, MATCH( User_Techno&User_Disp, INDEX( Mat_Techno, MATCH(User_Techno&User_Disp&G17,Mat_Techno&Mat_Disp&Mat_Mat,0)+1 ):INDEX(Mat_Techno,ROWS(Mat_Techno)) &INDEX( Mat_Disp, MATCH(User_Techno&User_Disp&G17,Mat_Techno&Mat_Disp&Mat_Mat,0)+1 ):INDEX(Mat_Disp,ROWS(Mat_Disp)),0) +MATCH(User_Techno&User_Disp&G17,Mat_Techno&Mat_Disp&Mat_Mat,0)), "")} | K18: {=IFERROR( INDEX(Seal_Seal, MATCH( User_Techno&User_Disp, INDEX( Seal_Techno, MATCH(User_Techno&User_Disp&K17,Seal_Techno&Seal_Disp&Seal_Seal,0)+1 ):INDEX(Seal_Techno,ROWS(Seal_Techno)) &INDEX( Seal_Disp, MATCH(User_Techno&User_Disp&K17,Seal_Techno&Seal_Disp&Seal_Seal,0)+1 ):INDEX(Seal_Disp,ROWS(Seal_Disp)),0) +MATCH(User_Techno&User_Disp&K17,Seal_Techno&Seal_Disp&Seal_Seal,0)), "")} | L18: {=IFERROR( INDEX(Seal_Descr, MATCH( User_Techno&User_Disp, INDEX( Seal_Techno, MATCH(User_Techno&User_Disp&K17,Seal_Techno&Seal_Disp&Seal_Seal,0)+1 ):INDEX(Seal_Techno,ROWS(Seal_Techno)) &INDEX( Seal_Disp, MATCH(User_Techno&User_Disp&K17,Seal_Techno&Seal_Disp&Seal_Seal,0)+1 ):INDEX(Seal_Disp,ROWS(Seal_Disp)),0) +MATCH(User_Techno&User_Disp&K17,Seal_Techno&Seal_Disp&Seal_Seal,0)), "")}
C19: {=IFERROR(INDEX(Pump_Disp,MATCH(User_Techno,INDEX(Pump_Techno,MATCH(User_Techno&C18,Pump_Techno&Pump_Disp,0)+1):INDEX(Pump_Techno,ROWS(Pump_Techno)),0)+MATCH(User_Techno&C18,Pump_Techno&Pump_Disp,0),0),"")} -> 0980 | D19: {=IFERROR(INDEX(Pump_Description,MATCH(User_Techno&C19,Pump_Techno&Pump_Disp,0)),"")} -> 980 cc | E19: {=IFERROR( INDEX(Flange_Motor, MATCH( User_Techno&User_Disp, INDEX( Flange_Techno, MATCH(User_Techno&User_Disp&E18,Flange_Techno&Flange_Disp&Flange_Motor,0)+1 ):INDEX(Flange_Techno,ROWS(Flange_Techno)) &INDEX( Flange_Disp, MATCH(User_Techno&User_Disp&E18,Flange_Techno&Flange_Disp&Flange_Motor,0)+1 ):INDEX(Flange_Disp,ROWS(Flange_Disp)),0) +MATCH(User_Techno&User_Disp&E18,Flange_Techno&Flange_Disp&Flange_Motor,0)), "")} | F19: =IFERROR(INDEX(Motor_Descr, MATCH(E19,Motor_Code,0)),"") | G19: {=IFERROR( INDEX(Mat_Mat, MATCH( User_Techno&User_Disp, INDEX( Mat_Techno, MATCH(User_Techno&User_Disp&G18,Mat_Techno&Mat_Disp&Mat_Mat,0)+1 ):INDEX(Mat_Techno,ROWS(Mat_Techno)) &INDEX( Mat_Disp, MATCH(User_Techno&User_Disp&G18,Mat_Techno&Mat_Disp&Mat_Mat,0)+1 ):INDEX(Mat_Disp,ROWS(Mat_Disp)),0) +MATCH(User_Techno&User_Disp&G18,Mat_Techno&Mat_Disp&Mat_Mat,0)), "")} | K19: {=IFERROR( INDEX(Seal_Seal, MATCH( User_Techno&User_Disp, INDEX( Seal_Techno, MATCH(User_Techno&User_Disp&K18,Seal_Techno&Seal_Disp&Seal_Seal,0)+1 ):INDEX(Seal_Techno,ROWS(Seal_Techno)) &INDEX( Seal_Disp, MATCH(User_Techno&User_Disp&K18,Seal_Techno&Seal_Disp&Seal_Seal,0)+1 ):INDEX(Seal_Disp,ROWS(Seal_Disp)),0) +MATCH(User_Techno&User_Disp&K18,Seal_Techno&Seal_Disp&Seal_Seal,0)), "")} | L19: {=IFERROR( INDEX(Seal_Descr, MATCH( User_Techno&User_Disp, INDEX( Seal_Techno, MATCH(User_Techno&User_Disp&K18,Seal_Techno&Seal_Disp&Seal_Seal,0)+1 ):INDEX(Seal_Techno,ROWS(Seal_Techno)) &INDEX( Seal_Disp, MATCH(User_Techno&User_Disp&K18,Seal_Techno&Seal_Disp&Seal_Seal,0)+1 ):INDEX(Seal_Disp,ROWS(Seal_Disp)),0) +MATCH(User_Techno&User_Disp&K18,Seal_Techno&Seal_Disp&Seal_Seal,0)), "")}
C20: {=IFERROR(INDEX(Pump_Disp,MATCH(User_Techno,INDEX(Pump_Techno,MATCH(User_Techno&C19,Pump_Techno&Pump_Disp,0)+1):INDEX(Pump_Techno,ROWS(Pump_Techno)),0)+MATCH(User_Techno&C19,Pump_Techno&Pump_Disp,0),0),"")} -> 1000 | D20: {=IFERROR(INDEX(Pump_Description,MATCH(User_Techno&C20,Pump_Techno&Pump_Disp,0)),"")} -> 1000 cc | E20: {=IFERROR( INDEX(Flange_Motor, MATCH( User_Techno&User_Disp, INDEX( Flange_Techno, MATCH(User_Techno&User_Disp&E19,Flange_Techno&Flange_Disp&Flange_Motor,0)+1 ):INDEX(Flange_Techno,ROWS(Flange_Techno)) &INDEX( Flange_Disp, MATCH(User_Techno&User_Disp&E19,Flange_Techno&Flange_Disp&Flange_Motor,0)+1 ):INDEX(Flange_Disp,ROWS(Flange_Disp)),0) +MATCH(User_Techno&User_Disp&E19,Flange_Techno&Flange_Disp&Flange_Motor,0)), "")} | F20: =IFERROR(INDEX(Motor_Descr, MATCH(E20,Motor_Code,0)),"") | G20: {=IFERROR( INDEX(Mat_Mat, MATCH( User_Techno&User_Disp, INDEX( Mat_Techno, MATCH(User_Techno&User_Disp&G19,Mat_Techno&Mat_Disp&Mat_Mat,0)+1 ):INDEX(Mat_Techno,ROWS(Mat_Techno)) &INDEX( Mat_Disp, MATCH(User_Techno&User_Disp&G19,Mat_Techno&Mat_Disp&Mat_Mat,0)+1 ):INDEX(Mat_Disp,ROWS(Mat_Disp)),0) +MATCH(User_Techno&User_Disp&G19,Mat_Techno&Mat_Disp&Mat_Mat,0)), "")} | K20: {=IFERROR( INDEX(Seal_Seal, MATCH( User_Techno&User_Disp, INDEX( Seal_Techno, MATCH(User_Techno&User_Disp&K19,Seal_Techno&Seal_Disp&Seal_Seal,0)+1 ):INDEX(Seal_Techno,ROWS(Seal_Techno)) &INDEX( Seal_Disp, MATCH(User_Techno&User_Disp&K19,Seal_Techno&Seal_Disp&Seal_Seal,0)+1 ):INDEX(Seal_Disp,ROWS(Seal_Disp)),0) +MATCH(User_Techno&User_Disp&K19,Seal_Techno&Seal_Disp&Seal_Seal,0)), "")} | L20: {=IFERROR( INDEX(Seal_Descr, MATCH( User_Techno&User_Disp, INDEX( Seal_Techno, MATCH(User_Techno&User_Disp&K19,Seal_Techno&Seal_Disp&Seal_Seal,0)+1 ):INDEX(Seal_Techno,ROWS(Seal_Techno)) &INDEX( Seal_Disp, MATCH(User_Techno&User_Disp&K19,Seal_Techno&Seal_Disp&Seal_Seal,0)+1 ):INDEX(Seal_Disp,ROWS(Seal_Disp)),0) +MATCH(User_Techno&User_Disp&K19,Seal_Techno&Seal_Disp&Seal_Seal,0)), "")}
C21: {=IFERROR(INDEX(Pump_Disp,MATCH(User_Techno,INDEX(Pump_Techno,MATCH(User_Techno&C20,Pump_Techno&Pump_Disp,0)+1):INDEX(Pump_Techno,ROWS(Pump_Techno)),0)+MATCH(User_Techno&C20,Pump_Techno&Pump_Disp,0),0),"")} | D21: {=IFERROR(INDEX(Pump_Description,MATCH(User_Techno&C21,Pump_Techno&Pump_Disp,0)),"")} | E21: {=IFERROR( INDEX(Flange_Motor, MATCH( User_Techno&User_Disp, INDEX( Flange_Techno, MATCH(User_Techno&User_Disp&E20,Flange_Techno&Flange_Disp&Flange_Motor,0)+1 ):INDEX(Flange_Techno,ROWS(Flange_Techno)) &INDEX( Flange_Disp, MATCH(User_Techno&User_Disp&E20,Flange_Techno&Flange_Disp&Flange_Motor,0)+1 ):INDEX(Flange_Disp,ROWS(Flange_Disp)),0) +MATCH(User_Techno&User_Disp&E20,Flange_Techno&Flange_Disp&Flange_Motor,0)), "")} | F21: =IFERROR(INDEX(Motor_Descr, MATCH(E21,Motor_Code,0)),"") | K21: {=IFERROR( INDEX(Seal_Seal, MATCH( User_Techno&User_Disp, INDEX( Seal_Techno, MATCH(User_Techno&User_Disp&K20,Seal_Techno&Seal_Disp&Seal_Seal,0)+1 ):INDEX(Seal_Techno,ROWS(Seal_Techno)) &INDEX( Seal_Disp, MATCH(User_Techno&User_Disp&K20,Seal_Techno&Seal_Disp&Seal_Seal,0)+1 ):INDEX(Seal_Disp,ROWS(Seal_Disp)),0) +MATCH(User_Techno&User_Disp&K20,Seal_Techno&Seal_Disp&Seal_Seal,0)), "")} | L21: {=IFERROR( INDEX(Seal_Descr, MATCH( User_Techno&User_Disp, INDEX( Seal_Techno, MATCH(User_Techno&User_Disp&K20,Seal_Techno&Seal_Disp&Seal_Seal,0)+1 ):INDEX(Seal_Techno,ROWS(Seal_Techno)) &INDEX( Seal_Disp, MATCH(User_Techno&User_Disp&K20,Seal_Techno&Seal_Disp&Seal_Seal,0)+1 ):INDEX(Seal_Disp,ROWS(Seal_Disp)),0) +MATCH(User_Techno&User_Disp&K20,Seal_Techno&Seal_Disp&Seal_Seal,0)), "")}

Sheet International
A1: Currency settings
A2: Country | B2: Language | C2: Currency | D2: Coef | E2: EXEL Annual Conversion | F2: Adjustment
A3: Argentina | B3: SP | C3: EUR | D3: =E3*F3 -> 1 | E3: 1 | F3: 1
A4: Brasil (Brazil) | B4: PT | C4: EUR | D4: =E4*F4 -> 1 | E4: 1 | F4: 1
A5: Deutschland (Germany) | B5: DE | C5: EUR | D5: =E5*F5 -> 1 | E5: 1 | F5: 1
A6: España (Spain) | B6: SP | C6: EUR | D6: =E6*F6 -> 1 | E6: 1 | F6: 1
A7: England | B7: GB | C7: EUR | D7: =E7*F7 -> 1 | E7: 1 | F7: 1
A8: France | B8: FR | C8: EUR | D8: =E8*F8 -> 1 | E8: 1 | F8: 1
A9: India | B9: GB | C9: EUR | D9: =E9*F9 -> 1 | E9: 1 | F9: 1
A10: USA | B10: GB | C10: USD | D10: 1.075 | E10: 1.075 | F10: 1
A11: Россия (Russia) | B11: RU | C11: EUR | D11: =E11*F11 -> 1 | E11: 1 | F11: 1
A12: Canada | B12: GB | C12: EUR | D12: =E12*F12 -> 1 | E12: 1 | F12: 1
A13: México (Mexico) | B13: SP | C13: EUR | D13: =E13*F13 -> 1 | E13: 1 | F13: 1
A14: Italia | B14: IT | C14: EUR | D14: =E14*F14 -> 1 | E14: 1 | F14: 1
A15: South Africa | B15: GB | C15: EUR | D15: =E15*F15 -> 1 | E15: 1 | F15: 1
A16: Polska (Poland) | B16: PL | C16: EUR | D16: =E16*F16 -> 1 | E16: 1 | F16: 1
A17: にほん (Japan) | B17: JP | C17: EUR | D17: =E17*F17 -> 1 | E17: 1 | F17: 1
A18: 中国 (China) | B18: CN | C18: EUR | D18: =E18*F18 -> 1 | E18: 1 | F18: 1
A19: Table foot - Do not remove this line
A21: Available Language
A22: GB
A23: FR
A24: SP
A25: DE
A26: PT
A27: IT
A28: RU
A29: PL
A30: JP
A31: CN
... A34: Translation
A35: GB | B35: FR | C35: SP | D35: DE | E35: PT | F35: IT | G35: RU | H35: PL | I35: JP | J35: CN
A36: Designation | B36: Désignation | C36: Designación | D36: Bezeichnung | E36: Designação | F36: Designazione | G36: Назначение | H36: Oznaczenie | I36: 名称 | J36: 名称
A37: Configuration | B37: Configuration | C37: Configuración | D37: Konfiguration | E37: Configuração | F37: Configurazione | G37: Конфигурация | H37: Konfiguracja | I37: 構成 | J37: 配置
A38: Select product configuration | B38: Sélectionner la configuration du produit | C38: Seleccione la configuración del producto | D38: Produktkonfiguration auswählen | E38: Selecione a configuração do produto | F38: Selezionare la configurazione del prodotto | G38: Выберите конфигурацию продукта | H38: Wybierz konfigurację produktu | I38: 製品構成を選択 | J38: 选择产品配置
A39: Pump technology | B39: Technologie des pompes | C39: La tecnología de la bomba | D39: Pumpentechnik | E39: Tecnologia da bomba | F39: Tecnologia delle pompe | G39: Насосная технология | H39: Technika pompowania | I39: ポンプ・テクノロジー | J39: 泵技术
A40: Pump displacment [cc] | B40: Cylindrée de la pompe [cc] | C40: Desplazamiento de la bomba [cc] | D40: Fördervolumen der Pumpe [cc] | E40: Deslocamento da bomba [cc] | F40: Spostamento della pompa [cc] | G40: Объём насоса [cc] | H40: Wyporność pompy [cc] | I40: ポンプ排気量 [cc] | J40: 泵排量[cc]
A41: Motor | B41: Moteur | C41: Motor | D41: Motor | E41: Motor | F41: Motore | G41: Двигатель | H41: Silnik | I41: モーター | J41: 马达
A42: Material | B42: Matériaux | C42: Materiales | D42: Material | E42: Material | F42: Materiali | G42: Материалы | H42: Materiały | I42: 材料 | J42: 材料
A43: Foot / Connection Size | B43: Pied de pompe / Taille de raccord | C43: Pie de bomba / Tamaño de la conexión | D43: Pumpenfuß / Anschlussmass | E43: Pé da bomba / Tamanho da ligação | F43: Piede della pompa / Dimensione del collegamento | G43: Ножка насоса / Размер соединения | H43: Stopa pompy / Wielkość przyłącza | I43: ポンプ足/接続サイズ | J43: 泵脚/连接尺寸
A44: Seal Pack (Static Seal) | B44: Type de joints (joints statique) | C44: Bolsillo del sello | D44: Packungspaket | E44: Bolsa de juntas | F44: Tasca di tenuta | G44: Набор уплотнений | H44: Kieszeń uszczelniająca | I44: シール・パッケージ | J44: 密封袋
A45: Product | B45: Produit | C45: Producto | D45: Produkt | E45: Produto | F45: Prodotto | G45: Продукт | H45: Produkt | I45: 製品 | J45: 产品介绍
A46: VALIDE | B46: VALIDE | C46: VÁLIDO | D46: GÜLTIG | E46: VÁLIDO | F46: VALIDO | G46: VALID | H46: VALID | I46: 有効 | J46: 有效
... A93: follower plate Ø105 | B93: plateau suiveur Ø105 | C93: Plato seguidor Ø105 | D93: Folgeplatte Ø105 | E93: prato seguidor Ø105 | F93: piastra seguipersona Ø105 | G93: опорная плита Ø105 | H93: płyta naśladowcza Ø105 | I93: フォロワー プレート Ø105 | J93: 压盘Ø105
A94: ="INTEC "&A93 -> INTEC follower plate Ø105 | B94: ="INTEC "&B93 -> INTEC plateau suiveur Ø105 | C94: ="INTEC "&C93 -> INTEC Plato seguidor Ø105 | D94: ="INTEC "&D93 -> INTEC Folgeplatte Ø105 | E94: ="INTEC "&E93 -> INTEC prato seguidor Ø105 | F94: ="INTEC "&F93 -> INTEC piastra seguipersona Ø105 | G94: ="INTEC "&G93 -> INTEC опорная плита Ø105 | H94: ="INTEC "&H93 -> INTEC płyta naśladowcza Ø105 | ... J94: ="INTEC "&J93 -> INTEC 压盘Ø105
A95: follower plate Ø80 | B95: plateau suiveur Ø80 | C95: Plato seguidor Ø80 | D95: Folgeplatte Ø80 | E95: Prato seguidor Ø80 | F95: piastra seguipersona Ø80 | G95: направляющая пластина Ø80 | H95: płyta naśladowcza Ø80 | I95: フォロワー プレート Ø80 | J95: 压盘Ø80
A96: Plain Cylindre Ø110 | B96: Cylindre Lisse Ø110 | C96: Cilindro liso Ø110 | D96: einfacher Zylinder Ø110 | E96: Cilindro liso Ø110 | F96: Cilindro liscio Ø110 | G96: Гладкий цилиндр Ø110 | H96: Gładki Cylinder Ø110 | I96: シリンダー Ø110 | J96: 光滑圆柱体Ø110
A97: Plain Cylindre Ø112 | B97: Cylindre Lisse Ø112 | C97: Cilindro liso Ø112 | D97: einfacher Zylinder Ø112 | E97: Cilindro liso Ø112 | F97: Cilindro liscio Ø112 | G97: Гладкий цилиндр Ø112 | H97: Gładki Cylinder Ø112 | I97: シリンダー Ø112 | J97: 光滑圆柱体 Ø112
A98: wall mounted (F BSPP 1'') | B98: montage mural (F BSPP 1'') | C98: Montaje en la pared (F BSPP 1'') | D98: Wandmontage (F BSPP 1'') | E98: montagem na parede (F BSPP 1'') | F98: montaggio a parete (F BSPP 1''') | G98: настенный монтаж (F BSPP 1'') | H98: montaż na ścianie (F BSPP 1'') | I98: 壁掛け（F BSPP 1'') | J98: 墙式安装 (F BSPP 1'''')
A99: wall mounted (F BSPP 1''1/2 & M 105x2) | B99: montage mural (F BSPP 1''1/2 & M 105x2) | C99: montaje en la pared (F BSPP 1''1/2 & M 105x2) | D99: Wandmontage (F BSPP 1''1/2 & M 105x2) | E99: montagem na parede (F BSPP 1''1/2 & M 105x2) | F99: montaggio a parete (F BSPP 1''1/2 & M 105x2) | G99: настенный монтаж (F BSPP 1''1/2 & M 105x2) | H99: montaż na ścianie (F BSPP 1''1/2 & M 105x2) | I99: 壁掛け（F BSPP 1''1/2 & M 105x2) | J99: 墙面安装（F BSPP 1''''1/2和M 105x2）。
A100: wall mounted (F BSPP 1''1/2) | B100: montage mural (F BSPP 1''1/2) | C100: montaje en la pared (F BSPP 1''1/2) | D100: Wandmontage (F BSPP 1''1/2) | E100: montagem na parede (F BSPP 1''1/2) | F100: montaggio a parete (F BSPP 1''1/2) | G100: настенный монтаж (F BSPP 1''1/2) | H100: montaż na ścianie (F BSPP 1''1/2) | I100: 壁掛け（F BSPP 1''1/2) | J100: 墙式安装 (F BSPP 1''''1/2)
A101: wall mounted (F BSPP 2'' & M 105x2) | B101: montage mural (F BSPP 2'' & M 105x2) | C101: montaje en la pared (F BSPP 2'' & M 105x2) | D101: Wandmontage (F BSPP 2'' & M 105x2) | E101: montagem na parede (F BSPP 2'' & M 105x2) | F101: montaggio a parete (F BSPP 2''' & M 105x2) | G101: настенный монтаж (F BSPP 2'' и M 105x2) | H101: montaż na ścianie (F BSPP 2'' i M 105x2) | I101: 壁掛け（F BSPP 2'' & M 105x2) | J101: 墙式安装（F BSPP 2'''和M 105x2
A102: Location | B102: Pays | C102: País | D102: Standort / Niederlassung | E102: País | F102: Paese | G102: Страна | H102: Kraj | I102: ロケーション | J102: 国家
A103: Assembly | B103: Assemblage | C103: Montaje | D103: Montage | E103: Montagem | F103: Assemblea | G103: Ассамблея | H103: Zgromadzenie | I103: アセンブリ | J103: 装配
A104: Packaging | B104: Emballage | C104: Embalaje | D104: Verpackung | E104: Embalagem | F104: Imballaggio | G104: Упаковка | H104: Opakowanie | I104: パッケージング | J104: 包装
A105: Table foot - Do not remove this line

Sheet Dictionnary
A1: Technology
A2: Code | B2: Description | C2: Description (translation) | D2: Designation FR | E2: Designation GB | F2: Movex digit
A3: 2B | B3: HV 2-Ball Pumps | C3: =INDEX(Translation,MATCH(B3,Tr_Index,0),MATCH(User_Language,Language,0)) -> HV 2-Ball Pumps | D3: POMPE REXSON 2 BILLES | E3: REXSON 2 BALLS PUMP | F3: 61
A4: SH | B4: HV Shovel Pumps | C4: =INDEX(Translation,MATCH(B4,Tr_Index,0),MATCH(User_Language,Language,0)) -> HV Shovel Pumps | D4: POMPE REXSON PALETTE | E4: REXSON SHOVEL PUMP | F4: 62
A5: 4B | B5: HV & Low Pressure 4-Ball Pumps | C5: =INDEX(Translation,MATCH(B5,Tr_Index,0),MATCH(User_Language,Language,0)) -> HV & Low Pressure 4-Ball Pumps | D5: POMPE REXSON 4 BILLES | E5: REXSON 4 BALLS PUMP | F5: 63
A7: Displacement
A8: Code | B8: Movex digit
A9: 0060 | B9: =A9 -> 0060
A10: 0079 | B10: =A10 -> 0079
A11: 0106 | B11: =A11 -> 0106
A12: 0124 | B12: =A12 -> 0124
A13: 0207 | B13: =A13 -> 0207
A14: 0216 | B14: =A14 -> 0216
A15: 0225 | B15: =A15 -> 0225
A16: 0227 | B16: =A16 -> 0227
A17: 0340 | B17: =A17 -> 0340
A18: 0360 | B18: =A18 -> 0360
A19: 0453 | B19: =A19 -> 0453
A20: 0560 | B20: =A20 -> 0560
... A31: 6000 | B31: =A31 -> 6000
A33: Motor
A34: Code | B34: Description | C34: Movex digit | D34: Customs Code | E34: Code Movex | F34: Datasheet
A35: XX | B35: No Motor | C35: 00 | D35: 8413 9100 | E35: not used | F35: not used
A36: 10 | B36: Motor 1000 | C36: 40 | D36: 8413 8100 | E36: 10601100/ | F36: MOT1000
A37: 15 | B37: Motor 1500 | C37: 41 | D37: 8413 8100 | E37: 10602100/ | F37: MOT1500
A38: 30 | B38: Motor 3000 | C38: 42 | D38: 8413 8100 | E38: 846310000+ | F38: MOT3000
A39: 50 | B39: Motor 5000 | C39: 43 | D39: 8413 8100 | E39: 846320000+ | F39: MOT5000
A40: 60 | B40: Motor 6000 | C40: 44 | D40: 8413 8100 | E40: 10526100/ | F40: MOT6000
A41: 70 | B41: Motor 7000 | C41: 45 | D41: 8413 8100 | E41: 846330000+ | F41: MOT7000
A42: 90 | B42: Motor 9000 | C42: 46 | D42: 8413 8100 | E42: 846340000+ | F42: MOT9000
A43: 72 | B43: Motor 7200 | C43: 55 | D43: 8413 8100 | E43: 10527200/ | F43: MOT7200
A44: 92 | B44: Motor 9200 | C44: 56 | D44: 8413 8100 | E44: 10529200/ | F44: MOT9200
A45: 9H | B45: Motor 9200-2 | C45: 57 | D45: 8413 8100 | E45: 846350000+ | F45: MOT9200 x2
A47: Material
A48: Code | B48: Description | C48: Description (translation) | D48: Movex digit | E48: Designation FR | F48: Designation GB
A49: CS | B49: Mixed Steels | C49: =INDEX(Translation,MATCH(B49,Tr_Index,0),MATCH(User_Language,Language,0)) -> Mixed Steels | D49: 1 | E49: ACIER | F49: CS
A50: SS | B50: Stainless Steel | C50: =INDEX(Translation,MATCH(B50,Tr_Index,0),MATCH(User_Language,Language,0)) -> Stainless Steel | D50: 2 | E50: INOX | F50: SS
A51: CC | B51: Mixed steels + Carbide Valves | C51: =INDEX(Translation,MATCH(B51,Tr_Index,0),MATCH(User_Language,Language,0)) -> Mixed steels + Carbide Valves | D51: 3 | E51: ACIER+CB | F51: CS+CB
A52: SC | B52: Stainless steel + Carbide Valves | C52: =INDEX(Translation,MATCH(B52,Tr_Index,0),MATCH(User_Language,Language,0)) -> Stainless steel + Carbide Valves | D52: 4 | E52: INOX+CB | F52: SS+CB
A53: XS | B53: Reinforced Version | C53: =INDEX(Translation,MATCH(B53,Tr_Index,0),MATCH(User_Language,Language,0)) -> Reinforced Version | D53: 5 | E53: RENFORC | F53: HARDEN
A55: Foot
A56: Code | B56: Description (see BODIES in Dependencies)
A57: WM | B57: wall mounted
A58: FP | B58: follower plate
A59: FI | B59: Intec Follower plate
A60: D1 | B60: Drum bung mounted 60L
A61: D2 | B61: Drum bung mounted 200L
A62: PC | B62: Plain Cylindre
A63: C2 | B63: Cover 200L
A64: G1 | B64: BSP 1''
A65: G2 | B65: BSP 1''1/4
A66: G3 | B66: BSP 1''1/4 Short
A67: G4 | B67: BSP 2''
... A69: M2 | B69: F M52x200
A71: Seal
A72: Code | B72: Description (see SEAL in Dependencies) | C72: Movex digit | D72: Designation FR | E72: Designation GB
A73: 01 | B73: PTFE | C73: 1 | D73: ="J"&A73 -> J01 | E73: ="S"&A73 -> S01
A74: 02 | B74: PTFE + FEP | C74: 2 | D74: ="J"&A74 -> J02 | E74: ="S"&A74 -> S02
A75: 03 | B75: PTFE/PE | C75: 3 | D75: ="J"&A75 -> J03 | E75: ="S"&A75 -> S03
A76: 04 | B76: Leather | C76: 4 | D76: ="J"&A76 -> J04 | E76: ="S"&A76 -> S04
A77: 05 | B77: PTFEG | C77: 5 | D77: ="J"&A77 -> J05 | E77: ="S"&A77 -> S05
A78: 06 | B78: PU | C78: 6 | D78: ="J"&A78 -> J06 | E78: ="S"&A78 -> S06
A79: 07 | B79: Special, depend on pump | C79: 7 | D79: ="J"&A79 -> J07 | E79: ="S"&A79 -> S07
A80: 08 | B80: Special, depend on pump | C80: 8 | D80: ="J"&A80 -> J08 | E80: ="S"&A80 -> S08
A81: 09 | B81: Special, depend on pump | C81: 9 | D81: ="J"&A81 -> J09 | E81: ="S"&A81 -> S09

Sheet Dependencies
G1: Marge mini siège | H1: 0.3 | I1: Remise filiale | J1: 0.55
A2: Pump | E2: COST | G2: SUBS PRICE | I2: END CUSTOMER PRICE
A3: Technology | B3: Displacement | C3: Description | D3: Datasheet | E3: Assembly | F3: Packaging | G3: Assembly | H3: Packaging | I3: Assembly | J3: Packaging
A4: 2B | B4: 0079 | C4: 79 cc | D4: 2B79 | E4: 100 | F4: 40 | G4: =E4/(1-$H$1)*1.04*1.04*1.015 -> 156.832 | H4: =F4/(1-$H$1)*1.04*1.04*1.015 -> 62.7328 | I4: =G4/(1-$J$1) -> 348.51556 | J4: =H4/(1-$J$1) -> 139.40622
A5: 2B | B5: 0124 | C5: 124 cc | D5: 2B124 | E5: 100 | F5: 50 | G5: =E5/(1-$H$1)*1.04*1.04*1.015 -> 156.832 | H5: =F5/(1-$H$1)*1.04*1.04*1.015 -> 78.416 | I5: =G5/(1-$J$1) -> 348.51556 | J5: =H5/(1-$J$1) -> 174.25778
A6: 2B | B6: 0225 | C6: 225 cc | D6: 2B225 | E6: 100 | F6: 60 | G6: =E6/(1-$H$1)*1.04*1.04*1.015 -> 156.832 | H6: =F6/(1-$H$1)*1.04*1.04*1.015 -> 94.0992 | I6: =G6/(1-$J$1) -> 348.51556 | J6: =H6/(1-$J$1) -> 209.10933
A7: 2B | B7: 0227 | C7: 227 cc | D7: 2B227 | E7: 120 | F7: 60 | G7: =E7/(1-$H$1)*1.04*1.04*1.015 -> 188.1984 | H7: =F7/(1-$H$1)*1.04*1.04*1.015 -> 94.0992 | I7: =G7/(1-$J$1) -> 418.21867 | J7: =H7/(1-$J$1) -> 209.10933
A8: 2B | B8: 0360 | C8: 360 cc | D8: 2B360 | E8: 120 | F8: 60 | G8: =E8/(1-$H$1)*1.04*1.04*1.015 -> 188.1984 | H8: =F8/(1-$H$1)*1.04*1.04*1.015 -> 94.0992 | I8: =G8/(1-$J$1) -> 418.21867 | J8: =H8/(1-$J$1) -> 209.10933
A9: 2B | B9: 0453 | C9: 453 cc | D9: 2B453 | E9: 120 | F9: 60 | G9: =E9/(1-$H$1)*1.04*1.04*1.015 -> 188.1984 | H9: =F9/(1-$H$1)*1.04*1.04*1.015 -> 94.0992 | I9: =G9/(1-$J$1) -> 418.21867 | J9: =H9/(1-$J$1) -> 209.10933
A10: 2B | B10: 0588 | C10: 588 cc | D10: 2B588 | E10: 140 | F10: 60 | G10: =E10/(1-$H$1)*1.04*1.04*1.015 -> 219.5648 | H10: =F10/(1-$H$1)*1.04*1.04*1.015 -> 94.0992 | I10: =G10/(1-$J$1) -> 487.92178 | J10: =H10/(1-$J$1) -> 209.10933
A11: 2B | B11: 0750 | C11: 750 cc | D11: 2B750 | E11: 140 | F11: 60 | G11: =E11/(1-$H$1)*1.04*1.04*1.015 -> 219.5648 | H11: =F11/(1-$H$1)*1.04*1.04*1.015 -> 94.0992 | I11: =G11/(1-$J$1) -> 487.92178 | J11: =H11/(1-$J$1) -> 209.10933
A12: 2B | B12: 0980 | C12: 980 cc | D12: 2B980 | E12: 140 | F12: 120 | G12: =E12/(1-$H$1)*1.04*1.04*1.015 -> 219.5648 | H12: =F12/(1-$H$1)*1.04*1.04*1.015 -> 188.1984 | I12: =G12/(1-$J$1) -> 487.92178 | J12: =H12/(1-$J$1) -> 418.21867
A13: 2B | B13: 1000 | C13: 1000 cc | D13: 2B1000 | E13: 250 | F13: 180 | G13: =E13/(1-$H$1)*1.04*1.04*1.015 -> 392.08 | H13: =F13/(1-$H$1)*1.04*1.04*1.015 -> 282.2976 | I13: =G13/(1-$J$1) -> 871.28889 | J13: =H13/(1-$J$1) -> 627.328
A14: SH | B14: 0060 | C14: 60 cc | D14: SH60 | E14: 100 | F14: 60 | G14: =E14/(1-$H$1)*1.04*1.04*1.015 -> 156.832 | H14: =F14/(1-$H$1)*1.04*1.04*1.015 -> 94.0992 | I14: =G14/(1-$J$1) -> 348.51556 | J14: =H14/(1-$J$1) -> 209.10933
A15: SH | B15: 0106 | C15: 106 cc | D15: SH106 | E15: 100 | F15: 60 | G15: =E15/(1-$H$1)*1.04*1.04*1.015 -> 156.832 | H15: =F15/(1-$H$1)*1.04*1.04*1.015 -> 94.0992 | I15: =G15/(1-$J$1) -> 348.51556 | J15: =H15/(1-$J$1) -> 209.10933
... A27: 4B | B27: 6000 | C27: 6000 cc LP (Paint Circulating) | D27: none | E27: 120 | F27: 120 | G27: =E27/(1-$H$1)*1.04*1.04*1.015 -> 188.1984 | H27: =F27/(1-$H$1)*1.04*1.04*1.015 -> 188.1984 | I27: =G27/(1-$J$1) -> 418.21867 | J27: =H27/(1-$J$1) -> 418.21867
A28: Table foot - Do not remove this line
A31: Flange
A32: Technology | B32: Displacement | C32: Motor | D32: Designation FR | E32: Designation GB | F32: Flange_Code Movex | G32: Sticker_Code_Movex | H32: B UAR | I32: ITCL | J32: ITGR | K32: Manual
A33: 2B | B33: 0079 | C33: XX | D33: HYDR. | E33: LOWER | F33: not used | G33: not used | H33: XSP | I33: F300 | J33: F4160200 | K33: not used
A34: 2B | B34: 0079 | C34: 10 | D34: 11/1 | E34: 11/1 | F34: 844246295+ | G34: 049020327+ | H34: FGX | I34: F200 | J34: F4010190 | K34: 574201110+
A35: 2B | B35: 0079 | C35: 15 | D35: 23/1 | E35: 23/1 | F35: 844246295+ | G35: 049020233+ | H35: FGX | I35: F200 | J35: F4010100 | K35: 574201110+
A36: 2B | B36: 0079 | C36: 30 | D36: 46/1 | E36: 46/1 | F36: 844246295+ | G36: 049020255+ | H36: FGX | I36: F200 | J36: F4010110 | K36: 574201110+
A37: 2B | B37: 0124 | C37: XX | D37: HYDR. | E37: LOWER | F37: not used | G37: not used | H37: XSP | I37: F300 | J37: F4160200 | K37: not used
A38: 2B | B38: 0124 | C38: 10 | D38: 8/1 | E38: 8/1 | F38: 844246295+ | G38: 049020326+ | H38: FGX | I38: F200 | J38: F4010410 | K38: 574201110+
A39: 2B | B39: 0124 | C39: 15 | D39: 15/1 | E39: 15/1 | F39: 844246295+ | G39: 049020224+ | H39: FGX | I39: F200 | J39: F4010200 | K39: 574201110+
A40: 2B | B40: 0124 | C40: 30 | D40: 30/1 | E40: 30/1 | F40: 844246295+ | G40: 049020239+ | H40: FGX | I40: F200 | J40: F4010210 | K40: 574201110+
A41: 2B | B41: 0124 | C41: 50 | D41: 53/1 | E41: 53/1 | F41: 844245295+ | G41: 049020257+ | H41: FGX | I41: F200 | J41: F4010220 | K41: 574150110+
A42: 2B | B42: 0225 | C42: XX | D42: HYDR. | E42: LOWER | F42: not used | G42: not used | H42: XSP | I42: F300 | J42: F4160300 | K42: not used
A43: 2B | B43: 0225 | C43: 10 | D43: 4/1 | E43: 4/1 | F43: 844246295+ | G43: 049020220+ | H43: FGX | I43: F200 | J43: F4010400 | K43: 574201110+
... A112: 4B | B112: 6000 | C112: 92 | D112: 5/1 | E112: 5/1 | F112: 10513097/ | G112: 049020273+ | H112: AXX | I112: A200 | J112: A2800528 | K112: 574329110+
A113: Table foot - Do not remove this line
A115: Material
A116: Technology | B116: Displacement | C116: Material
A117: 2B | B117: 0079 | C117: SS
A118: 2B | B118: 0124 | C118: SS
A119: 2B | B119: 0124 | C119: SC
A120: 2B | B120: 0225 | C120: SS
A121: 2B | B121: 0227 | C121: CS
A122: 2B | B122: 0227 | C122: SS
A123: 2B | B123: 0227 | C123: SC
A124: 2B | B124: 0227 | C124: XS
A125: 2B | B125: 0360 | C125: SC
A126: 2B | B126: 0453 | C126: CS
A127: 2B | B127: 0588 | C127: CS
... A140: SH | B140: 0106 | C140: SS
A141: SH | B141: 0207 | C141: SS | H141: Part# | I141: Description | M141: Part# | N141: Description | O141: Comments
A142: SH | B142: 0216 | C142: CS | G142: ADD TO THE LIST | H142: 044240100-X | I142: *** HYD C360 A BILLE NUE MURAL | L142: OBSOLET | M142: 1051710100-X | N142: *** HYD BLL C79 P01 | O142: NOT USED ANYMORE
A143: SH | B143: 0340 | C143: SS | G143: ADD TO THE LIST | H143: 044240000-X | I143: *** HYD C360 A BILLE NUE | L143: OBSOLET | M143: 1051710300-X | N143: *** HYD BLL C79 P03 | O143: NOT USED ANYMORE
A144: SH | B144: 0560 | C144: CS | G144: ADD TO THE LIST | H144: 044251000-X | I144: *** HYD REXSON C1000 | L144: OBSOLET | M144: 1058850300-X | N144: ***HYD PLT 240 CC(SANS JOINTS) | O144: OLD PUMP
A145: SH | B145: 0560 | C145: SS | G145: ADD TO THE LIST | H145: 044245100-X | I145: *** HYD C340 PALETTE NUE | L145: OBSOLET | M145: 1051731300-X | N145: *** HYD C225 | O145: REPLACED BY 1051730100-X
A146: SH | B146: 0560 | C146: XS | G146: ADD TO THE LIST | H146: 044251306-X | I146: *** HYD RX C930 POUR PLATEAU | L146: OBSOLET | M146: 1051820200-X | N146: *** HYD PLT D35 106cc | O146: REPLACED BY 1051821300-X
A147: SH | B147: 0715 | C147: CS | G147: ADD TO THE LIST | H147: 044251106-X | I147: *** HYDR REXSON C930 | L147: OBSOLET | M147: 1051830100-X | N147: *** HYD PLT ACIER 207 CC | O147: VERSION WALL MOUNTED OBS
A148: SH | B148: 0910 | C148: CS | L148: OBSOLET | M148: 1051830200-X | N148: *** HYD PLT ACIER 207 CC | O148: REPLACED BY 1051831300-X
A149: SH | B149: 0910 | C149: SS
A150: SH | B150: 0930 | C150: SC | G150: Part# | H150: Description | I150: Comments | M150: Part# | N150: Description | O150: Comments
A151: 4B | B151: 0570 | C151: CS | G151: 1053990000-X | H151: *** PPE 4 BLL 215CC DIA. 42 | I151: P85 PUMP | L151: MISSING!! | M151: 1062010400-X | O151: =P151&" "&Q151&" "&R151&" "&T151 -> 2B 0980 CC follower plate Ø105 | P151: 2B | Q151: 0980 | R151: CC | S151: FP | T151: follower plate Ø105 | U151: =INDEX(Translation,MATCH(T151,Tr_Index,0),MATCH(User_Language,Language,0)) -> follower plate Ø105
A152: 4B | B152: 0570 | C152: SS | G152: 1051736100-X | H152: *** POMPE DOSEUSE 225CC | I152: USED ONLY FOR ENGINEERING | L152: MISSING!! | M152: 1057431000-X | O152: =P152&" "&Q152&" "&R152&" "&T152 -> 4B 0570 SS F BSPP 1" (GAZ) | P152: 4B | Q152: 0570 | R152: SS | S152: G1 | T152: F BSPP 1" (GAZ)
A153: 4B | B153: 0750 | C153: CS
A154: 4B | B154: 0750 | C154: CC
A155: 4B | B155: 2200 | C155: SS
A156: 4B | B156: 3700 | C156: SS
A157: 4B | B157: 6000 | C157: SS
A158: Table foot - Do not remove this line | P158: Part# | Q158: Description | R158: Comments
P159: 1053990000-X | Q159: *** PPE 4 BLL 215CC DIA. 42 | R159: P85 PUMP
A160: Body | O160: OBSOLET | P160: 1058850300-X | Q160: ***HYD PLT 240 CC(SANS JOINTS)
A161: Technology | B161: Displacement | C161: Material | D161: Foot | E161: Foot_Descr_ GB | F161: Foot_Descr (translation) | G161: Body_Code_Movex | H161: Manual | I161: Movex digit | J161: Designation FR | K161: Designation GB | M161: IFS_Code
A162: 2B | B162: 0079 | C162: SS | D162: WM | E162: wall mounted (F BSPP 1'') | F162: =INDEX(Translation,MATCH(E162,Tr_Index,0),MATCH(User_Language,Language,0)) -> wall mounted (F BSPP 1'') | G162: 1051710100/ | H162: 574209110+ | I162: 1 | J162: MURALE | K162: WALL | L162: OBSOLET | M162: 1051710100-X | N162: *** HYD BLL C79 P01 | P162: 1051710000-X | Q162: *** HYD C79 PC COMM
A163: 2B | B163: 0079 | C163: SS | D163: FP | E163: follower plate Ø80 | F163: =INDEX(Translation,MATCH(E163,Tr_Index,0),MATCH(User_Language,Language,0)) -> follower plate Ø80 | G163: 1051710300/ | H163: 574209110+ | I163: 2 | J163: PLATEAU | K163: PLATE | L163: OBSOLET | M163: 1051710300-X | N163: *** HYD BLL C79 P03
A164: 2B | B164: 0124 | C164: SS | D164: WM | E164: wall mounted (F BSPP 1'') | F164: =INDEX(Translation,MATCH(E164,Tr_Index,0),MATCH(User_Language,Language,0)) -> wall mounted (F BSPP 1'') | G164: 1051720100/ | H164: 574209110+ | I164: 1 | J164: MURALE | K164: WALL | M164: 1051720100-X | N164: *** HYD C124 PP01 | P164: 1051720000-X | Q164: *** HYD BLL C124 COMMUN
A165: 2B | B165: 0124 | C165: SS | D165: FP | E165: follower plate Ø80 | F165: =INDEX(Translation,MATCH(E165,Tr_Index,0),MATCH(User_Language,Language,0)) -> follower plate Ø80 | G165: 1051720300/ | H165: 574209110+ | I165: 2 | J165: PLATEAU | K165: PLATE | M165: 1051720300-X | N165: *** HYD C124 PP03
A166: 2B | B166: 0124 | C166: SS | D166: D2 | E166: Drum bung mounted 200L | F166: =INDEX(Translation,MATCH(E166,Tr_Index,0),MATCH(User_Language,Language,0)) -> Drum bung mounted 200L | G166: 1051720600/ | H166: 574209110+ | I166: 4 | J166: FUT 200L | K166: DRUM200 | M166: 1051720600-X | N166: *** HYD C124 PP06
A167: 2B | B167: 0124 | C167: SS | D167: C2 | E167: Cover 200L | F167: =INDEX(Translation,MATCH(E167,Tr_Index,0),MATCH(User_Language,Language,0)) -> Cover 200L | G167: 1051722600/ | H167: Existe en AS | I167: 6 | J167: COUVERCLE | K167: COVER | M167: 1051722300-X | N167: *** HYD C124 PP23
A168: 2B | B168: 0124 | C168: SC | D168: FP | E168: follower plate Ø80 | F168: =INDEX(Translation,MATCH(E168,Tr_Index,0),MATCH(User_Language,Language,0)) -> follower plate Ø80 | G168: 1051722300/ | H168: Existe en AS | I168: 2 | J168: PLATEAU | K168: PLATE | M168: 1051722600-X | N168: *** HYD C124 PP26 | P168: 1051736100-X | Q168: *** POMPE DOSEUSE 225CC | R168: USED ONLY FOR ENGINEERING
A169: 2B | B169: 0225 | C169: SS | D169: WM | E169: wall mounted (F BSPP 1'') | F169: =INDEX(Translation,MATCH(E169,Tr_Index,0),MATCH(User_Language,Language,0)) -> wall mounted (F BSPP 1'') | G169: 1051730100/ | H169: 574209110+ | I169: 1 | J169: MURALE | K169: WALL | M169: 1051730100-X | N169: *** HYD C225 PP01 | P169: 1051730000-X | Q169: *** HYD C225 PIECE COMMUNE
A170: 2B | B170: 0225 | C170: SS | D170: FP | E170: follower plate Ø80 | F170: =INDEX(Translation,MATCH(E170,Tr_Index,0),MATCH(User_Language,Language,0)) -> follower plate Ø80 | G170: 1051730300/ | H170: 574209110+ | I170: 2 | J170: PLATEAU | K170: PLATE | M170: 1051730300-X | N170: *** HYD C225 PP03 | P170: 1051731000-X | Q170: *** HYD BLL DE BASE D 49 225cc
A171: 2B | B171: 0225 | C171: SS | D171: C2 | E171: Cover 200L | F171: =INDEX(Translation,MATCH(E171,Tr_Index,0),MATCH(User_Language,Language,0)) -> Cover 200L | G171: 1051730400/ | H171: Existe en AS | I171: 6 | J171: COUVERCLE | K171: COVER | M171: 1051730400-X | N171: *** HYD C225 PP04 | O171: OBSOLET | P171: 1051731300-X | Q171: *** HYD C225 | R171: REPLACED BY 1051730100-X
A172: 2B | B172: 0227 | C172: CS | D172: WM | E172: wall mounted (F BSPP 1''1/2) | F172: =INDEX(Translation,MATCH(E172,Tr_Index,0),MATCH(User_Language,Language,0)) -> wall mounted (F BSPP 1''1/2) | G172: 1051740100/ | H172: 574322110+ et 573447050+ | I172: 1 | J172: MURALE | K172: WALL | M172: 1051740100-X | N172: *** HYD REXSON C227 | P172: 1051740000-X | Q172: *** HYD C227 PIECE COMMUNE
A173: 2B | B173: 0227 | C173: CS | D173: FP | E173: follower plate Ø80 | F173: =INDEX(Translation,MATCH(E173,Tr_Index,0),MATCH(User_Language,Language,0)) -> follower plate Ø80 | G173: 1051740300/ | H173: 574322110+ et 573449050+ | I173: 2 | J173: PLATEAU | K173: PLATE | M173: 1051740300-X | N173: *** HYD REXSON C227 BLL I | P173: 1051749000-X | Q173: *** Commun HYD REXSON C227 BLL
A174: 2B | B174: 0227 | C174: SS | D174: WM | E174: wall mounted (F BSPP 1''1/2) | F174: =INDEX(Translation,MATCH(E174,Tr_Index,0),MATCH(User_Language,Language,0)) -> wall mounted (F BSPP 1''1/2) | G174: 1051741000/ | H174: 574322110+ et 573448050+ | I174: 1 | J174: MURALE | K174: WALL | M174: 1051741000-X | N174: *** HYD REXSON C227 BLL INOX
A175: 2B | B175: 0227 | C175: SC | D175: FP | E175: follower plate Ø80 | F175: =INDEX(Translation,MATCH(E175,Tr_Index,0),MATCH(User_Language,Language,0)) -> follower plate Ø80 | G175: 1051742400/ | H175: Existe en AS | I175: 2 | J175: PLATEAU | K175: PLATE | M175: 1051742400-X | N175: *** HYD RX C227 INOX CB
A176: 2B | B176: 0227 | C176: XS | D176: WM | E176: wall mounted (F BSPP 1''1/2) | F176: =INDEX(Translation,MATCH(E176,Tr_Index,0),MATCH(User_Language,Language,0)) -> wall mounted (F BSPP 1''1/2) | G176: 1051742500/ | H176: Existe en AS | I176: 1 | J176: MURALE | K176: WALL | M176: 1051742500-X | N176: *** HYD REXSON C227 ZINC
A177: 2B | B177: 0360 | C177: SC | D177: WM | E177: wall mounted (F BSPP 1''1/2) | F177: =INDEX(Translation,MATCH(E177,Tr_Index,0),MATCH(User_Language,Language,0)) -> wall mounted (F BSPP 1''1/2) | G177: 844240100+ | H177: none | I177: 1 | J177: MURALE | K177: WALL | L177: ADD TO THE LIST | M177: 044240100-X | N177: *** HYD C360 A BILLE NUE MURAL
A178: 2B | B178: 0360 | C178: SC | D178: FP | E178: follower plate Ø80 | F178: =INDEX(Translation,MATCH(E178,Tr_Index,0),MATCH(User_Language,Language,0)) -> follower plate Ø80 | G178: 844240000+ | H178: 575022190+ | I178: 2 | J178: PLATEAU | K178: PLATE | L178: ADD TO THE LIST | M178: 044240000-X | N178: *** HYD C360 A BILLE NUE
A179: 2B | B179: 0453 | C179: CS | D179: WM | E179: wall mounted (F BSPP 2'' & M 105x2) | F179: =INDEX(Translation,MATCH(E179,Tr_Index,0),MATCH(User_Language,Language,0)) -> wall mounted (F BSPP 2'' & M 105x2) | G179: 1027240100/ | H179: 574219110+ | I179: 1 | J179: MURALE | K179: WALL | M179: 1027240100-X | N179: *** HYD C453 ACIER BLL P01
A180: 2B | B180: 0453 | C180: CS | D180: FP | E180: follower plate Ø105 | F180: =INDEX(Translation,MATCH(E180,Tr_Index,0),MATCH(User_Language,Language,0)) -> follower plate Ø105 | G180: 1027240300/ | H180: 574219110+ | I180: 2 | J180: PLATEAU | K180: PLATE | M180: 1027240300-X | N180: *** HYD C453 ACIER BLL P03
A181: 2B | B181: 0588 | C181: CS | D181: WM | E181: wall mounted (F BSPP 1''1/2 & M 105x2) | F181: =INDEX(Translation,MATCH(E181,Tr_Index,0),MATCH(User_Language,Language,0)) -> wall mounted (F BSPP 1''1/2 & M 105x2) | G181: 1051760100/ | H181: 574233111+ | I181: 1 | J181: MURALE | K181: WALL | M181: 1051760100-X | N181: *** HYD BLL C588 ACIER P01 | P181: 1051760000-X | Q181: *** HYD BLL C588 COMMUN
A182: 2B | B182: 0588 | C182: CS | D182: FP | E182: follower plate Ø105 | F182: =INDEX(Translation,MATCH(E182,Tr_Index,0),MATCH(User_Language,Language,0)) -> follower plate Ø105 | G182: 1051760300/ | H182: 574233111+ | I182: 2 | J182: PLATEAU | K182: PLATE | M182: 1051760300-X | N182: *** HYD BLL C588 ACIER P03
A183: 2B | B183: 0588 | C183: SS | D183: WM | E183: wall mounted (F BSPP 1''1/2 & M 105x2) | F183: =INDEX(Translation,MATCH(E183,Tr_Index,0),MATCH(User_Language,Language,0)) -> wall mounted (F BSPP 1''1/2 & M 105x2) | G183: 1051761000/ | H183: 574233111+ | I183: 1 | J183: MURALE | K183: WALL | M183: 1051760400-X | N183: *** HYD BLL C588 ACIER P04
A184: 2B | B184: 0588 | C184: SS | D184: FP | E184: follower plate Ø105 | F184: =INDEX(Translation,MATCH(E184,Tr_Index,0),MATCH(User_Language,Language,0)) -> follower plate Ø105 | G184: 1051761100/ | H184: none | I184: 2 | J184: PLATEAU | K184: PLATE | M184: 1051761000-X | N184: *** HYD BLL C588 INOX P10
A185: 2B | B185: 0588 | C185: CC | D185: FP | E185: follower plate Ø105 | F185: =INDEX(Translation,MATCH(E185,Tr_Index,0),MATCH(User_Language,Language,0)) -> follower plate Ø105 | G185: 1051760400/ | H185: none | I185: 2 | J185: PLATEAU | K185: PLATE | M185: 1051761100-X | N185: *** HYD BLL C588 INOX P11
A186: 2B | B186: 0588 | C186: SC | D186: FP | E186: follower plate Ø105 | F186: =INDEX(Translation,MATCH(E186,Tr_Index,0),MATCH(User_Language,Language,0)) -> follower plate Ø105 | G186: 1051761400/ | H186: none | I186: 2 | J186: PLATEAU | K186: PLATE | M186: 1051761400-X | N186: *** HYD BLL C588 INOX P14
A187: 2B | B187: 0750 | C187: CS | D187: WM | E187: wall mounted (F BSPP 2'' & M 105x2) | F187: =INDEX(Translation,MATCH(E187,Tr_Index,0),MATCH(User_Language,Language,0)) -> wall mounted (F BSPP 2'' & M 105x2) | G187: 1052140100/ | H187: 574214110+ et 574163110+ | I187: 1 | J187: MURALE | K187: WALL | M187: 1052140100-X | N187: *** HYD BLL C750 PC COMM MUR | P187: 1052140000-X | Q187: *** HYD BLL C750 PC COMM
A188: 2B | B188: 0750 | C188: CS | D188: FP | E188: follower plate Ø105 | F188: =INDEX(Translation,MATCH(E188,Tr_Index,0),MATCH(User_Language,Language,0)) -> follower plate Ø105 | G188: 1052140300/ | H188: none | I188: 2 | J188: PLATEAU | K188: PLATE | M188: 1052140300-X | N188: *** HYD BLL C750 PC COMM PLAT
A189: 2B | B189: 0980 | C189: CS | D189: WM | E189: wall mounted (F BSPP 1''1/2 & M 105x2) | F189: =INDEX(Translation,MATCH(E189,Tr_Index,0),MATCH(User_Language,Language,0)) -> wall mounted (F BSPP 1''1/2 & M 105x2) | G189: 1062010100/ | H189: 574050110+ | I189: 1 | J189: MURALE | K189: WALL | M189: 1062010100-X | N189: *** HYD C980 P01 | P189: 1062010000-X | Q189: *** HYD C980 ACIER
A190: 2B | B190: 0980 | C190: CS | D190: FP | E190: follower plate Ø105 | F190: =INDEX(Translation,MATCH(E190,Tr_Index,0),MATCH(User_Language,Language,0)) -> follower plate Ø105 | G190: 1062010300/ | H190: 574050110+ | I190: 2 | J190: PLATEAU | K190: PLATE | M190: 1062010300-X | N190: *** HYD C980 P03
A191: 2B | B191: 0980 | C191: SS | D191: WM | E191: wall mounted (F BSPP 1''1/2 & M 105x2) | F191: =INDEX(Translation,MATCH(E191,Tr_Index,0),MATCH(User_Language,Language,0)) -> wall mounted (F BSPP 1''1/2 & M 105x2) | G191: 1062011000/ | H191: 574050110+ | I191: 1 | J191: MURALE | K191: WALL | M191: 1062011000-X | N191: *** HYD C980 INOX MUR | P191: 1062010400-X | Q191: *** HYD C980 CARBU FP105
A192: 2B | B192: 0980 | C192: SS | D192: FP | E192: follower plate Ø105 | F192: =INDEX(Translation,MATCH(E192,Tr_Index,0),MATCH(User_Language,Language,0)) -> follower plate Ø105 | G192: 1062011100/ | H192: none | I192: 2 | J192: PLATEAU | K192: PLATE | M192: 1062011100-X | N192: *** HYD C980 INOX P11
A193: 2B | B193: 0980 | C193: CC | D193: FP | E193: follower plate Ø105 | F193: =INDEX(Translation,MATCH(E193,Tr_Index,0),MATCH(User_Language,Language,0)) -> follower plate Ø105 | G193: 1062010400/ | H193: none | I193: 2 | J193: PLATEAU | K193: PLATE | L193: MISSING!! | M193: 1062010400-X
A194: 2B | B194: 0980 | C194: SC | D194: FP | E194: follower plate Ø105 | F194: =INDEX(Translation,MATCH(E194,Tr_Index,0),MATCH(User_Language,Language,0)) -> follower plate Ø105 | G194: 1062011400/ | H194: none | I194: 2 | J194: PLATEAU | K194: PLATE | M194: 1062011400-X | N194: *** HYD C980 INOX CARB P14
...

Sheet Tarif 2027
J1: Tarif 2026 | K1: Tarif Calculated 2027
A2: Code Article | B2: Nom | C2: Designation2 | D2: TECH | E2: DISP | F2: MOT | G2: MAT | H2: FOOT | I2: SEAL | J2: Tarif géné | K2: Tarif géné | L2: Increase | M2: TG E2027
A3: 105214 | B3: HYD BLL 750 CC COURSE 200 SP P | C3: #REX2B0750-XX-CS-WM-06 | D3: REX2B | E3: 0750 | F3: XX | G3: CS | H3: WM | I3: 06 | J3: 7629.03 | K3: 8010.0311 | L3: =(K3-J3)/J3 -> 0.049940964 | M3: 8010.0311
A4: 47222724 | B4: PPE BLL 40/1 453 CC | C4: #REX2B0453-72-CS-WM-06 | D4: REX2B | E4: 0453 | F4: 72 | G4: CS | H4: WM | I4: 06 | J4: 13208.33 | K4: 13208.328 | L4: =(K4-J4)/J4 -> -1.514196e-07 | M4: 13208.328
A5: 47224135 | B5: PPE QUATRO 33/1 570CC | C5: #REX4B0570-72-CS-G1-06 | D5: REX4B | E5: 0570 | F5: 72 | G5: CS | H5: G1 | I5: 06 | J5: 14410.44 | K5: 14410.437 | L5: =(K5-J5)/J5 -> -1.8505102e-07 | M5: 14410.437
A6: 49223724 | B6: PPE BLL 40/1 750 CC | C6: #REX2B0750-92-CS-WM-07 | D6: REX2B | E6: 0750 | F6: 92 | G6: CS | H6: WM | I6: 07 | J6: 14176.03 | K6: 14557.031 | L6: =(K6-J6)/J6 -> 0.026876432 | M6: 14557.031
A7: 49224135 | B7: PPE 4 BLL 53/1 570 CC | C7: #REX4B0570-92-CS-G1-06 | D7: REX4B | E7: 0570 | F7: 92 | G7: CS | H7: G1 | I7: 06 | J7: 15259.44 | K7: 15259.437 | L7: =(K7-J7)/J7 -> -1.7475521e-07 | M7: 15259.437
A8: 49225214 | B8: PPE 40/1 750 CC COURSE 200 EX | C8: #REX2B0750-92-CS-WM-06 | D8: REX2B | E8: 0750 | F8: 92 | G8: CS | H8: WM | I8: 06 | J8: 14189.03 | K8: 14570.031 | L8: =(K8-J8)/J8 -> 0.026851808 | M8: 14570.031
A9: 49225215 | B9: POMPE 40/1 715CC COURSE 200 | C9: #REXSH0715-92-CS-PC-06 | D9: REXSH | E9: 0715 | F9: 92 | G9: CS | H9: PC | I9: 06 | J9: 16840.99 | K9: 16840.992 | L9: =(K9-J9)/J9 -> 1.1875786e-07 | M9: 16840.992
A10: 49225743 | B10: POMPE 4 BILLES INOX 53/1 570CC | C10: #REX4B0570-92-SS-G1-06 | D10: REX4B | E10: 0570 | F10: 92 | G10: SS | H10: G1 | I10: 06 | J10: 29004.44 | K10: 29004.437 | L10: =(K10-J10)/J10 -> -9.1939947e-08 | M10: 29004.437
A11: 144230000 | B11: HYD PALETTE 216CC | C11: #REXSH0216-XX-CS-FP-03 | D11: REXSH | E11: 0216 | F11: XX | G11: CS | H11: FP | I11: 03 | J11: 4166.33 | K11: 4166.328 | L11: =(K11-J11)/J11 -> -4.8003879e-07 | M11: 4166.328
A12: 144230016 | B12: HYD PALETTE 216CC | C12: #REXSH0216-XX-CS-FP-06 | D12: REXSH | E12: 0216 | F12: XX | G12: CS | H12: FP | I12: 06 | J12: 4166.33 | K12: 4166.328 | L12: =(K12-J12)/J12 -> -4.8003879e-07 | M12: 4166.328
A13: 144240006 | B13: HYDBILLE C360 PU + PTFE | C13: #REX2B0360-XX-SC-FP-06 | D13: REX2B | E13: 0360 | F13: XX | G13: SC | H13: FP | I13: 06 | J13: 6057.33 | K13: 6057.328 | L13: =(K13-J13)/J13 -> -3.3017848e-07 | M13: 6057.328
A14: 144245106 | B14: HYD THOR C340 PU PTFE | C14: #REXSH0340-XX-SS-FP-06 | D14: REXSH | E14: 0340 | F14: XX | G14: SS | H14: FP | I14: 06 | J14: 8183.33 | K14: 8183.328 | L14: =(K14-J14)/J14 -> -2.4439928e-07 | M14: 8183.328
... A30: 1027240102 | B30: HYD BLL ACIER - 453 CC - C200 | C30: #REX2B0453-XX-CS-WM-03 | D30: REX2B | E30: 0453 | F30: XX | G30: CS | H30: WM | I30: 03 | J30: 7810.33 | K30: 7810.328 | L30: =(K30-J30)/J30 -> -2.5607113e-07 | M30: 7810.328
A31: 1041340001 | B31: HYD 4BILLES 750CC PTFEV -PE/PU | C31: #REX4B0750-XX-CS-G1-06 | D31: =RIGHT(LEFT(C31,6),5) -> REX4B | E31: =RIGHT(LEFT(C31,10),4) -> 0750 | F31: =RIGHT(LEFT(C31,13),2) -> XX | G31: =RIGHT(LEFT(C31,16),2) -> CS | H31: =RIGHT(LEFT(C31,19),2) -> G1 | I31: =RIGHT(LEFT(C31,22),2) -> 06 | J31: 8993.44 | K31: 8993.4373 | L31: =(K31-J31)/J31 -> -2.9651242e-07 | M31: 8993.4373
A32: 1041340101 | B32: HYD 4 BILLES 750CC Course 200 | C32: #REX4B0750-XX-CS-G1-06 | D32: =RIGHT(LEFT(C32,6),5) -> REX4B | E32: =RIGHT(LEFT(C32,10),4) -> 0750 | F32: =RIGHT(LEFT(C32,13),2) -> XX | G32: =RIGHT(LEFT(C32,16),2) -> CS | H32: =RIGHT(LEFT(C32,19),2) -> G1 | I32: =RIGHT(LEFT(C32,22),2) -> 06 | J32: 8993.44 | K32: 8993.4373 | L32: =(K32-J32)/J32 -> -2.9651242e-07 | M32: 8993.4373
A33: 1041340108 | B33: HYD 4 BILLES 750CC SIEGES CARB | C33: #REX4B0750-XX-CS-G1-07 | D33: REX4B | E33: 0750 | F33: XX | G33: CS | H33: G1 | I33: 07 | J33: 9915.44 | K33: 9915.4373 | L33: =(K33-J33)/J33 -> -2.6894083e-07 | M33: 9915.4373
A34: 1041350001 | B34: HYD 4 BILLES 570CC PTFEV-PE/PU | C34: #REX4B0570-XX-CS-G1-06 | D34: REX4B | E34: 0570 | F34: XX | G34: CS | H34: G1 | I34: 06 | J34: 9472.44 | K34: 9472.4373 | L34: =(K34-J34)/J34 -> -2.8151845e-07 | M34: 9472.4373
A35: 1041350008 | B35: HYD 4 BILLES 570CC PEEK/PTFEG | C35: #REX4B0570-XX-CS-G1-07 | D35: REX4B | E35: 0570 | F35: XX | G35: CS | H35: G1 | I35: 07 | J35: 10237.44 | K35: 10237.437 | L35: =(K35-J35)/J35 -> -2.6048179e-07 | M35: 10237.437
A36: 1051200101 | B36: HYD 4 BLL INOX 6L ES F2" | C36: #REX4B6000-XX-SS-G4-01 | D36: REX4B | E36: 6000 | F36: XX | G36: SS | H36: G4 | I36: 01 | J36: 14965.44 | K36: 14965.437 | L36: =(K36-J36)/J36 -> -1.7818832e-07 | M36: 14965.437
A37: 1051200102 | B37: HYD 4 BLL INOX 6L ES F2" | C37: #REX4B6000-XX-SS-G4-02 | D37: REX4B | E37: 6000 | F37: XX | G37: SS | H37: G4 | I37: 02 | J37: 15044.44 | K37: 15044.437 | L37: =(K37-J37)/J37 -> -1.7725264e-07 | M37: 15044.437
A38: 1051200103 | B38: HYD 4 BLL INOX 6L ES F2" | C38: #REX4B6000-XX-SS-G4-03 | D38: REX4B | E38: 6000 | F38: XX | G38: SS | H38: G4 | I38: 03 | J38: 15024.44 | K38: 15024.437 | L38: =(K38-J38)/J38 -> -1.7748859e-07 | M38: 15024.437
A39: 1051300101 | B39: HYD 4 BLL INOX 2.2L F1"1/4 | C39: #REX4B2200-XX-SS-G2-01 | D39: REX4B | E39: 2200 | F39: XX | G39: SS | H39: G2 | I39: 01 | J39: 14302.44 | K39: 14302.437 | L39: =(K39-J39)/J39 -> -1.8644837e-07 | M39: 14302.437
A40: 1051300102 | B40: HYD 4 BLL INOX 2.2L F1"1/4 | C40: #REX4B2200-XX-SS-G2-02 | D40: REX4B | E40: 2200 | F40: XX | G40: SS | H40: G2 | I40: 02 | J40: 14359.44 | K40: 14359.437 | L40: =(K40-J40)/J40 -> -1.8570826e-07 | M40: 14359.437
A41: 1051300103 | B41: HYD 4 BLL INOX 2.2L F1"1/4 | C41: #REX4B2200-XX-SS-G2-03 | D41: REX4B | E41: 2200 | F41: XX | G41: SS | H41: G2 | I41: 03 | J41: 14353.44 | K41: 14353.437 | L41: =(K41-J41)/J41 -> -1.8578589e-07 | M41: 14353.437
A42: 1051300104 | B42: HYD 4 BLL INOX 2.2L F1"1/4 | C42: #REX4B2200-XX-SS-G2-04 | D42: REX4B | E42: 2200 | F42: XX | G42: SS | H42: G2 | I42: 04 | J42: 14947.44 | K42: 14947.437 | L42: =(K42-J42)/J42 -> -1.784029e-07 | M42: 14947.437
A43: 1051300301 | B43: HYD 4 BLL INOX 2.2L F1"1/4 | C43: #REX4B2200-XX-SS-G3-01 | D43: REX4B | E43: 2200 | F43: XX | G43: SS | H43: G3 | I43: 01 | J43: 14690.44 | K43: 14690.437 | L43: =(K43-J43)/J43 -> -1.8152395e-07 | M43: 14690.437
A44: 1051300302 | B44: HYD 4 BLL INOX 2.2L F1"1/4 | C44: #REX4B2200-XX-SS-G3-02 | D44: REX4B | E44: 2200 | F44: XX | G44: SS | H44: G3 | I44: 02 | J44: 14747.44 | K44: 14747.437 | L44: =(K44-J44)/J44 -> -1.8082234e-07 | M44: 14747.437
... A126: 472253400201 | B126: PPE 4 BLL3,7L 5/1 INOX M45x200 | C126: #REX4B3700-72-SS-M1-01 | D126: REX4B | E126: 2200 | F126: 90 | G126: SS | H126: G2 | I126: 01 | J126: 19252.44 | K126: 19252.437 | L126: =(K126-J126)/J126 -> -1.3851058e-07 | M126: 19252.437
A127: 472262060204 | B127: PPE PALETTE TENOR 18/1 910CC | C127: #REXSH0910-72-CS-FP-04 | D127: =RIGHT(LEFT(C127,6),5) -> REXSH | E127: =RIGHT(LEFT(C127,10),4) -> 0910 | F127: =RIGHT(LEFT(C127,13),2) -> 72 | G127: =RIGHT(LEFT(C127,16),2) -> CS | H127: =RIGHT(LEFT(C127,19),2) -> FP | I127: =RIGHT(LEFT(C127,22),2) -> 04 | J127: 13268.99 | K127: 13268.992 | L127: =(K127-J127)/J127 -> 1.5072737e-07 | M127: 13268.992
A128: 491251300101 | B128: PPE 4 BLL 2,2L 8/1 INOX F1"1/4 | C128: #REX4B2200-90-SS-G2-01 | D128: REX4B | E128: 0750 | F128: 92 | G128: CS | H128: G1 | I128: 07 | J128: 19962.44 | K128: 19962.437 | L128: =(K128-J128)/J128 -> -1.335842e-07 | M128: 19962.437
A129: 492241340001 | B129: PPE 4 BLL 40/1 750 CC JOINT | C129: #REX4B0750-92-CS-G1-06 | D129: REX4B | E129: 0750 | F129: 92 | G129: CS | H129: G1 | I129: 06 | J129: 14773.44 | K129: 14773.437 | L129: =(K129-J129)/J129 -> -1.8050411e-07 | M129: 14773.437
A130: 492241340008 | B130: PPE 4 BILLES 750CC 40/1 | C130: #REX4B0750-92-CS-G1-07 | D130: =RIGHT(LEFT(C130,6),5) -> REX4B | E130: =RIGHT(LEFT(C130,10),4) -> 0750 | F130: =RIGHT(LEFT(C130,13),2) -> 92 | G130: =RIGHT(LEFT(C130,16),2) -> CS | H130: =RIGHT(LEFT(C130,19),2) -> G1 | I130: =RIGHT(LEFT(C130,22),2) -> 07 | J130: 15695.44 | K130: 15695.437 | L130: =(K130-J130)/J130 -> -1.6990073e-07 | M130: 15695.437
A131: 492241340101 | B131: PPE 4 BILLES 40/1 750CC | C131: #REX4B0750-92-CS-G1-06 | D131: REX4B | E131: 6000 | F131: 92 | G131: SS | H131: G4 | I131: 01 | J131: 14773.44 | K131: 14773.437 | L131: =(K131-J131)/J131 -> -1.8050411e-07 | M131: 14773.437
A132: 492251200101 | B132: PPE 4 BLL INOX 6L E/S 2"F R5/1 | C132: #REX4B6000-92-SS-G4-01 | D132: REX4B | E132: 6000 | F132: 92 | G132: SS | H132: G4 | I132: 03 | J132: 20667.44 | K132: 20667.437 | L132: =(K132-J132)/J132 -> -1.2902743e-07 | M132: 20667.437
A133: 492251200103 | B133: PPE 4 BLL INOX 6L E/S 2"F R5/1 | C133: #REX4B6000-92-SS-G4-03 | D133: REX4B | E133: 6000 | F133: 92 | G133: SS | H133: M2 | I133: 01 | J133: 20726.44 | K133: 20726.437 | L133: =(K133-J133)/J133 -> -1.2866014e-07 | M133: 20726.437
A134: 492251200201 | B134: PPE 4 BLL INOX 6L E/S R5/1 | C134: #REX4B6000-92-SS-M2-01 | D134: REX4B | E134: 3700 | F134: 92 | G134: SS | H134: G2 | I134: 03 | J134: 20783.44 | K134: 20783.437 | L134: =(K134-J134)/J134 -> -1.2830728e-07 | M134: 20783.437
A135: 492253400103 | B135: PPE INOX 4 BLL 8/1 3,7L F1"1/4 | C135: #REX4B3700-92-SS-G2-03 | D135: REX4B | E135: 3700 | F135: 92 | G135: SS | H135: G3 | I135: 01 | J135: 19764.44 | K135: 19764.437 | L135: =(K135-J135)/J135 -> -1.3492245e-07 | M135: 19764.437
A136: 492253400301 | B136: PPE INOX 4 BLL 8/1 3,7L F1"1/4 | C136: #REX4B3700-92-SS-G3-01 | D136: REX4B | E136: 3700 | F136: 92 | G136: SS | H136: G3 | I136: 03 | J136: 20101.44 | K136: 20101.437 | L136: =(K136-J136)/J136 -> -1.3266048e-07 | M136: 20101.437
A137: 492253400303 | B137: PPE INOX 4 BLL 8/1 3,7L F1"1/4 | C137: #REX4B3700-92-SS-G3-03 | D137: REX2B | E137: 0980 | F137: 92 | G137: CS | H137: WM | I137: 05 | J137: 20152.44 | K137: 20152.437 | L137: =(K137-J137)/J137 -> -1.3232475e-07 | M137: 20152.437
A138: 492262010105 | B138: PPE BILLE TENOR 30/1 980CC MUR | C138: #REX2B0980-92-CS-WM-05 | D138: REX2B | E138: 0980 | F138: 92 | G138: CS | H138: WM | I138: 06 | J138: 12588.14 | K138: 12588.14 | L138: =(K138-J138)/J138 -> 3.5306602e-08 | M138: 12588.14
A139: 492262010106 | B139: PPE BILLE TENOR 30/1 980CC | C139: #REX2B0980-92-CS-WM-06 | D139: REX2B | E139: 0980 | F139: 92 | G139: CS | H139: FP | I139: 07 | J139: 12596.14 | K139: 12596.14 | L139: =(K139-J139)/J139 -> 3.5284178e-08 | M139: 12596.14
A140: 492262010310 | B140: PPE BILLE TENOR 30/1 | C140: #REX2B0980-92-CS-FP-07 | D140: REX2B | E140: 0980 | F140: 92 | G140: SS | H140: WM | I140: 04 | J140: 13175.14 | K140: 13175.14 | L140: =(K140-J140)/J140 -> 3.3733565e-08 | M140: 13175.14
A141: 492262011004 | B141: PPE BILLE TENOR 30/1 980CC INO | C141: #REX2B0980-92-SS-WM-04 | D141: REX2B | E141: 0980 | F141: 92 | G141: SS | H141: WM | I141: 06 | J141: 15112.14 | K141: 15112.14 | L141: =(K141-J141)/J141 -> 2.9409762e-08 | M141: 15112.14
A142: 492262011006 | B142: PPE BILLE TENOR 30/1 980CC INO | C142: #REX2B0980-92-SS-WM-06 | D142: REXSH | E142: 0910 | F142: 92 | G142: CS | H142: FP | I142: 05 | J142: 15013.14 | K142: 15013.14 | L142: =(K142-J142)/J142 -> 2.9603697e-08 | M142: 15013.14
... A144: 492262060206 | B144: PPE PALETTE TENOR 30/1 910CC | C144: #REXSH0910-92-CS-FP-06 | D144: REXSH | E144: 0910 | F144: 92 | G144: SS | H144: FP | I144: 06 | J144: 14018.99 | K144: 14018.992 | L144: =(K144-J144)/J144 -> 1.4266363e-07 | M144: 14018.992
A145: 492262061006 | B145: PPE PALETTE TENOR 30/1 910CC | C145: #REXSH0910-92-SS-FP-06 | D145: =RIGHT(LEFT(C145,6),5) -> REXSH | E145: =RIGHT(LEFT(C145,10),4) -> 0910 | F145: =RIGHT(LEFT(C145,13),2) -> 92 | G145: =RIGHT(LEFT(C145,16),2) -> SS | H145: =RIGHT(LEFT(C145,19),2) -> FP | I145: =RIGHT(LEFT(C145,22),2) -> 06 | J145: 19500.99 | K145: 19500.992 | L145: =(K145-J145)/J145 -> 1.025589e-07 | M145: 19500.992
A146: 61000225271000 | B146: HYD REXSON C225 P01 J07 | C146: #REX2B0225-XX-SS-WM-07 | D146: =RIGHT(LEFT(C146,6),5) -> REX2B | E146: =RIGHT(LEFT(C146,10),4) -> 0225 | F146: =RIGHT(LEFT(C146,13),2) -> XX | G146: =RIGHT(LEFT(C146,16),2) -> SS | H146: =RIGHT(LEFT(C146,19),2) -> WM | I146: =RIGHT(LEFT(C146,22),2) -> 07 | J146: 3173.62 | K146: 3173.6249 | L146: =(K146-J146)/J146 -> 1.5404771e-06 | M146: 3173.6249
A147: 61000227132000 | B147: HYD REXSON C227 P03-J03 | C147: #REX2B0227-XX-CS-FP-03 | D147: =RIGHT(LEFT(C147,6),5) -> REX2B | E147: =RIGHT(LEFT(C147,10),4) -> 0227 | F147: =RIGHT(LEFT(C147,13),2) -> XX | G147: =RIGHT(LEFT(C147,16),2) -> CS | H147: =RIGHT(LEFT(C147,19),2) -> FP | I147: =RIGHT(LEFT(C147,22),2) -> 03 | J147: 4512.33 | K147: 4512.328 | L147: =(K147-J147)/J147 -> -4.4322999e-07 | M147: 4512.328
A148: 61000227141000 | B148: HYD REXSON C227 P01 J04 | C148: #REX2B0227-XX-CS-WM-04 | D148: =RIGHT(LEFT(C148,6),5) -> REX2B | E148: =RIGHT(LEFT(C148,10),4) -> 0227 | F148: =RIGHT(LEFT(C148,13),2) -> XX | G148: =RIGHT(LEFT(C148,16),2) -> CS | H148: =RIGHT(LEFT(C148,19),2) -> WM | I148: =RIGHT(LEFT(C148,22),2) -> 04 | J148: 3773.33 | K148: 3773.328 | L148: =(K148-J148)/J148 -> -5.300358e-07 | M148: 3773.328
A149: 61000227171000 | B149: HYD REXSON C227 P01 J07 | C149: #REX2B0227-XX-CS-WM-07 | D149: =RIGHT(LEFT(C149,6),5) -> REX2B | E149: =RIGHT(LEFT(C149,10),4) -> 0227 | F149: =RIGHT(LEFT(C149,13),2) -> XX | G149: =RIGHT(LEFT(C149,16),2) -> CS | H149: =RIGHT(LEFT(C149,19),2) -> WM | I149: =RIGHT(LEFT(C149,22),2) -> 07 | J149: 3683.33 | K149: 3683.328 | L149: =(K149-J149)/J149 -> -5.4298692e-07 | M149: 3683.328
A150: 61000227531000 | B150: HYD REXSON C227-P01-J03 | C150: #REX2B0227-XX-XS-WM-03 | D150: =RIGHT(LEFT(C150,6),5) -> REX2B | E150: =RIGHT(LEFT(C150,10),4) -> 0227 | F150: =RIGHT(LEFT(C150,13),2) -> XX | G150: =RIGHT(LEFT(C150,16),2) -> XS | H150: =RIGHT(LEFT(C150,19),2) -> WM | I150: =RIGHT(LEFT(C150,22),2) -> 03 | J150: 6878.33 | K150: 6878.328 | L150: =(K150-J150)/J150 -> -2.9076825e-07 | M150: 6878.328
A151: 61000980161000 | B151: HYD REXSON C980-01-J06 | C151: #REX2B0980-XX-CS-WM-06 | D151: =RIGHT(LEFT(C151,6),5) -> REX2B | E151: =RIGHT(LEFT(C151,10),4) -> 0980 | F151: =RIGHT(LEFT(C151,13),2) -> XX | G151: =RIGHT(LEFT(C151,16),2) -> CS | H151: =RIGHT(LEFT(C151,19),2) -> WM | I151: =RIGHT(LEFT(C151,22),2) -> 06 | J151: 6152.14 | K151: 6152.1404 | L151: =(K151-J151)/J151 -> 7.2242251e-08 | M151: 6152.1404
A152: 61000980272000 | B152: HYD C980-P11-J10 | C152: #REX2B0980-XX-SS-FP-07 | D152: =RIGHT(LEFT(C152,6),5) -> REX2B | E152: =RIGHT(LEFT(C152,10),4) -> 0980 | F152: =RIGHT(LEFT(C152,13),2) -> XX | G152: =RIGHT(LEFT(C152,16),2) -> SS | H152: =RIGHT(LEFT(C152,19),2) -> FP | I152: =RIGHT(LEFT(C152,22),2) -> 07 | J152: 9509.14 | K152: 9509.1404 | L152: =(K152-J152)/J152 -> 4.6738658e-08 | M152: 9509.1404
A153: 61400124211000 | B153: PPE REXSON 08C124 1000-01-J01 | C153: #REX2B0124-10-SS-WM-01 | D153: =RIGHT(LEFT(C153,6),5) -> REX2B | E153: =RIGHT(LEFT(C153,10),4) -> 0124 | F153: =RIGHT(LEFT(C153,13),2) -> 10 | G153: =RIGHT(LEFT(C153,16),2) -> SS | H153: =RIGHT(LEFT(C153,19),2) -> WM | I153: =RIGHT(LEFT(C153,22),2) -> 01 | J153: 4989.77 | K153: 4989.7733 | L153: =(K153-J153)/J153 -> 6.6803346e-07 | M153: 4989.7733
A154: 61400124234000 | B154: PPE REXSON 08C124 1000-06-J03 | C154: #REX2B0124-10-SS-D2-03 | D154: =RIGHT(LEFT(C154,6),5) -> REX2B | E154: =RIGHT(LEFT(C154,10),4) -> 0124 | F154: =RIGHT(LEFT(C154,13),2) -> 10 | G154: =RIGHT(LEFT(C154,16),2) -> SS | H154: =RIGHT(LEFT(C154,19),2) -> D2 | I154: =RIGHT(LEFT(C154,22),2) -> 03 | J154: 7893.77 | K154: 7893.7733 | L154: =(K154-J154)/J154 -> 4.2227394e-07 | M154: 7893.7733
A155: 61410079262000 | B155: PPE RX 23C79 1500-03-J06 | C155: #REX2B0079-15-SS-FP-06 | D155: =RIGHT(LEFT(C155,6),5) -> REX2B | E155: =RIGHT(LEFT(C155,10),4) -> 0079 | F155: =RIGHT(LEFT(C155,13),2) -> 15 | G155: =RIGHT(LEFT(C155,16),2) -> SS | H155: =RIGHT(LEFT(C155,19),2) -> FP | I155: =RIGHT(LEFT(C155,22),2) -> 06 | J155: 6441.92 | K155: 6441.9218 | L155: =(K155-J155)/J155 -> 2.7597017e-07 | M155: 6441.9218
A156: 61410124211000 | B156: PPE REXSON 15C124 1500-P01-J01 | C156: #REX2B0124-15-SS-WM-01 | D156: =RIGHT(LEFT(C156,6),5) -> REX2B | E156: =RIGHT(LEFT(C156,10),4) -> 0124 | F156: =RIGHT(LEFT(C156,13),2) -> 15 | G156: =RIGHT(LEFT(C156,16),2) -> SS | H156: =RIGHT(LEFT(C156,19),2) -> WM | I156: =RIGHT(LEFT(C156,22),2) -> 01 | J156: 4762.77 | K156: 4762.7733 | L156: =(K156-J156)/J156 -> 6.9987283e-07 | M156: 4762.7733
... A198: 61560750151000 | B198: REXSON 2 BALLS PUMP 40/1 750CC CS WALL S05 | C198: #REX2B0750-92-CS-WM-05 | D198: =RIGHT(LEFT(C198,6),5) -> REX2B | E198: =RIGHT(LEFT(C198,10),4) -> 0750 | F198: =RIGHT(LEFT(C198,13),2) -> 92 | G198: =RIGHT(LEFT(C198,16),2) -> CS | H198: =RIGHT(LEFT(C198,19),2) -> WM | I198: =RIGHT(LEFT(C198,22),2) -> 05 | J198: 14177.031 | K198: 14558.031 | L198: =(K198-J198)/J198 -> 0.026874456 | M198: 14558.031
A199: 61460227231000 | B199: REXSON 2 BALLS PUMP 80/1 227CC SS WALL S03 | C199: #REX2B0227-90-SS-WM-03 | D199: =RIGHT(LEFT(C199,6),5) -> REX2B | E199: =RIGHT(LEFT(C199,10),4) -> 0227 | F199: =RIGHT(LEFT(C199,13),2) -> 90 | G199: =RIGHT(LEFT(C199,16),2) -> SS | H199: =RIGHT(LEFT(C199,19),2) -> WM | I199: =RIGHT(LEFT(C199,22),2) -> 03 | K199: 10512.328 | L199: =(K199-J199)/J199 -> #DIV/0! | M199: 10512.328
A200: 61450588131000 | B200: REXSON 2 BALLS PUMP 18/1 588CC CS WALL S03 | C200: #REX2B0588-70-CS-WM-03 | D200: =RIGHT(LEFT(C200,6),5) -> REX2B | E200: =RIGHT(LEFT(C200,10),4) -> 0588 | F200: =RIGHT(LEFT(C200,13),2) -> 70 | G200: =RIGHT(LEFT(C200,16),2) -> CS | H200: =RIGHT(LEFT(C200,19),2) -> WM | I200: =RIGHT(LEFT(C200,22),2) -> 03 | K200: 10618.031 | L200: =(K200-J200)/J200 -> #DIV/0! | M200: 10618.031
K201: =INDEX('[1]REF Chantier E2027'!$BH199:$BH64198,MATCH(#REF!,'[1]REF Chantier E2027'!$B199:$B64198,0)) -> #REF! | M201: =INDEX('[1]REF Chantier E2027'!$BH199:$BH64198,MATCH(A201,'[1]REF Chantier E2027'!$B199:$B64198,0)) -> #N/A
